Cogmind - Beta 17 @@@ ROGUE MODE // 2026.07.26 @ 03:01:26 Player: kite Result: Destroyed by B-99 Colossus with Linear Accelerator Performance ------------- Evolutions (9) 4500 Regions Visited (31) 6200 Robots Destroyed (491) 2455 Value Destroyed (28225) 28225 Prototype IDs (34) 680 Alien Tech Used (1) 200 Bonus (26364) 26364 TOTAL SCORE: 68624 Bonus ------- High Alert Combat Kills 5535 Follower Combat Kills 511 Entered Garrisons 1000 Entered DSFs 500 Acquired ECA 300 Met Warlord at Base 500 MAIN.C Attacked Warlord 500 Warlord Defense Kills 3234 Met Warlord at Research 2000 Destroyed MAIN.C Guards 500 Met MAIN.C 5000 Destroyed MAIN.C Shell 5000 Met Warlord at Command 2000 Friendly Fire -216 Cogmind --------- Core Integrity 0/1600 Matter 300/300 Energy 82/100 System Corruption 45% Temperature Cool (0) Movement Core (50) Location -1/Command Parts ------- > --- POWER (3) -------- (None) > --- PROPULSION (8) --- Flexi-carbon Leg Enhanced Biometal Leg > --- UTILITY (8) ------ (None) > --- WEAPON (6) ------- (None) > --- INVENTORY (5) ---- Particle Reactor Peak State ------------ > --- POWER ------------ Reinforced Antimatter Reactor Particle Reactor Light Quantum Reactor > --- PROPULSION ------- Armored Heavy Treads Advanced Heavy Treads Advanced Heavy Treads Advanced Heavy Treads > --- UTILITY ---------- Advanced Cooling System Advanced Cooling System Cargo Storage Unit Advanced Terrain Scan Processor Advanced Melee Analysis Suite Improved Transmission Jammer Advanced Point Defense System > --- WEAPON ----------- BFG-9k Vortex Edition > --- INVENTORY -------- Neutrino Core Reinforced Antimatter Reactor Particle Reactor Spiked Heavy Treads Spiked Heavy Treads Advanced Heavy Treads Advanced Heavy Siege Treads Huge Storage Unit Advanced Matter Compressor Advanced Terrain Scanner Subatomic Replicator Terrabomb Terrabomb Terrabomb Ragnarok Missile Launcher Improved Plasma Cutter Thunder Hammer Gravity Flail Gravity Flail Gravity Flail Force Lance Plasma Lance Plasma Lance Plasma Lance Plasma Lance Enhanced Force Lance [Rating: 227] Favorites ----------- Power Light Neutrino Core Engine Heavy Deuterium Engine Power Core Light Neutrino Core Reactor Quantum Reactor Propulsion Improved Heavy Treads Treads Improved Heavy Treads Leg Flexi-carbon Leg Wheel Wheel Utility Cargo Storage Unit Device Advanced Sensor Array Storage Cargo Storage Unit Processor Advanced Signal Interpreter Hackware Advanced Hacking Suite Protection Hardened Light Armor Plating Weapon Gravity Flail Energy Gun Gatling Laser Energy Cannon Compact HERF Cannon Ballistic Gun Helical Railgun Launcher Heavy Proton Missile Launcher Special Weapon Improved Plasma Cutter Impact Weapon Gravity Flail Slashing Weapon Chainsword Piercing Weapon Plasma Lance Build | -11 -10 -10 -9 -9 -9 -8 -8 -8 -8 -8 -7 -7 -7 -7 -6 -6 -5 -5 -5 -4 -4 -4 -4 -3 -3 -3 -3 -2 -2 -1 -1 ------- Run | Yrd Mat Min Mat Min Exi Min Mat Gar Mat Gar Fac Gar Fac Gar Fac DSF Fac Upp Upp Fac Upp Upp War Pro Res Tes Gar Res Qua Acc Com Slots Evolved 18 | . . . 2 . . . 2 . . . 2 . . . 2 . 2 . . 2 . . . . 2 . . 2 . 2 . Power 2 | . . . . . . . . . . . . . . . . . 1 . . . . . . . . . . . . 1 . Propulsion 6 | . . . 1 . . . 1 . . . . . . . 2 . . . . 2 . . . . . . . . . . . Utility 6 | . . . . . . . 1 . . . 2 . . . . . . . . . . . . . 2 . . . . 1 . Weapon 4 | . . . 1 . . . . . . . . . . . . . 1 . . . . . . . . . . 2 . . . Parts Attached 356 | 7 5 1 12 2 . 2 8 10 3 8 2 35 12 10 1 4 38 2 3 8 1 15 15 6 10 19 32 33 17 8 27 Power 47 | 2 1 . 2 . . . 1 1 . 2 . 3 . 1 . 1 9 . . 1 . . 1 . 2 3 4 4 2 2 5 Engine 13 | 2 1 . 2 . . . 1 . . 1 . 1 . 1 . . 4 . . . . . . . . . . . . . . Core 11 | . . . . . . . . 1 . 1 . 2 . . . 1 5 . . 1 . . . . . . . . . . . Reactor 23 | . . . . . . . . . . . . . . . . . . . . . . . 1 . 2 3 4 4 2 2 5 Propulsion 109 | 2 . . 7 1 . 2 4 4 1 3 . 9 1 2 1 1 8 . 1 1 . 9 8 4 2 4 14 5 6 . 9 Treads 52 | 2 . . . . . 2 . 2 . . . 5 1 2 1 1 8 . 1 1 . 1 1 . . . 7 5 6 . 6 Leg 56 | . . . 6 1 . . 4 2 1 3 . 4 . . . . . . . . . 8 7 4 2 4 7 . . . 3 Wheel 1 | . . . 1 . . . . . . . . . . . . . . . . . . . . . . . . . . . . Hover . | . . . . . . . . . . . . . . . . . . . . . . . . . . . . . . . . Flight . | . . . . . . . . . . . . . . . . . . . . . . . . . . . . . . . . Utility 125 | 1 2 . 2 1 . . 2 3 2 1 2 12 7 2 . . 15 2 2 2 1 3 4 1 3 11 7 14 8 6 9 Device 62 | . . . . . . . 1 2 1 . 1 6 4 . . . 10 1 . . 1 1 2 . 1 4 1 9 5 4 8 Storage 16 | 1 2 . 1 . . . . . 1 . . 4 . 1 . . 1 . 1 . . 1 1 . . . 1 . 1 . . Processor 22 | . . . . . . . . 1 . . . . 3 . . . 2 . . . . . 1 1 2 4 1 5 . 1 1 Hackware 6 | . . . . . . . . . . . . . . . . . 1 . . 2 . . . . . 2 . . . 1 . Protection 19 | . . . 1 1 . . 1 . . 1 1 2 . 1 . . 1 1 1 . . 1 . . . 1 4 . 2 . . Artifact . | . . . . . . . . . . . . . . . . . . . . . . . . . . . . . . . . Weapon 75 | 2 2 1 1 . . . 1 2 . 2 . 11 4 5 . 2 6 . . 4 . 3 2 1 3 1 7 10 1 . 4 Energy Gun 12 | . . . . . . . . . . . . 8 2 . . . . . . . . . 2 . . . . . . . . Energy Cannon 6 | . . . . . . . . . . . . . . 2 . . . . . . . . . . . . 2 1 . . 1 Ballistic Gun 6 | 2 . . . . . . . . . . . 2 . . . . . . . . . . . . . . 2 . . . . Ballistic Cannon . | . . . . . . . . . . . . . . . . . . . . . . . . . . . . . . . . Launcher 10 | . . 1 . . . . . 1 . 1 . . . . . 1 2 . . 1 . . . . . 1 . 1 1 . . Special Weapon 2 | . . . . . . . . . . . . . 1 . . . 1 . . . . . . . . . . . . . . Impact Weapon 22 | . 2 . 1 . . . 1 1 . 1 . 1 . . . 1 2 . . 2 . 3 . . 3 . 2 1 . . 1 Slashing Weapon 9 | . . . . . . . . . . . . . 1 3 . . 1 . . 1 . . . . . . 1 2 . . . Piercing Weapon 8 | . . . . . . . . . . . . . . . . . . . . . . . . 1 . . . 5 . . 2 Special Melee Weapon . | . . . . . . . . . . . . . . . . . . . . . . . . . . . . . . . . Unidentified Prototypes 28 | . . . 1 . . . . . . . . . . . . . 5 . . . . . 4 . 1 3 2 6 5 . 1 Corrupted Parts 32 | . . . . . . 2 . . . . . 1 . . . . . . . . . 8 5 6 . . 9 . . . 1 System Corruption 272 | . . . . . . 19 . . . . . 1 . . . . . . . . . 83 44 56 . . 62 . . . 7 Parts Lost 117 | . . . 3 1 . . . 3 . 5 . 24 . 1 . 4 10 . 3 3 1 . 2 . . 5 11 1 4 2 34 Power 21 | . . . 1 . . . . . . 2 . 2 . . . 1 2 . 1 1 . . 1 . . . 2 . 2 . 6 Propulsion 45 | . . . 1 1 . . . 2 . 2 . 12 . . . 1 5 . 1 1 1 . 1 . . . 5 . 1 . 11 Utility 31 | . . . 1 . . . . 1 . 1 . 4 . 1 . . 2 . 1 . . . . . . 3 3 . 1 2 11 Weapon 20 | . . . . . . . . . . . . 6 . . . 2 1 . . 1 . . . . . 2 1 1 . . 6 Highest Loss Streak 24 | . . . 1 1 . . . 1 . 2 . 10 . 1 . 2 4 . 2 1 1 . 2 . . 4 2 1 2 1 24 To Critical Strikes 1 | . . . . . . . . . . . . . . . . . 1 . . . . . . . . . . . . . . Average Backups 19 | 1 6 10 12 13 14 14 15 14 13 13 13 14 18 21 22 21 22 26 25 24 27 27 25 24 24 21 18 19 21 20 20 Power . | . . . . . . . . 1 1 . . . . 1 2 2 . 2 1 1 1 . . . . 1 . 1 . 1 . Propulsion 4 | 1 2 2 4 6 6 6 5 5 6 7 8 5 4 5 6 5 6 2 1 . . 1 3 4 6 5 4 3 3 3 2 Utility 7 | . . 2 1 . 1 1 2 4 3 3 2 4 5 4 4 6 8 10 9 10 14 14 14 13 9 8 7 8 10 7 6 Weapon 5 | . 2 5 4 4 4 4 4 2 2 2 2 2 5 9 9 7 6 10 10 10 10 8 6 6 6 5 4 5 4 4 4 Tool/Special . | . . . . . . . . . . . . . . . . . . . . . . . . . . . . . . . . Unused Backups 70 | . . . 5 1 . . 5 1 . . . 5 6 2 . . 9 . . . . 3 4 . 1 5 2 3 4 1 13 Power 9 | . . . . . . . 1 . . . . . 1 1 . . 2 . . . . 1 . . . 1 . . . . 2 Propulsion 9 | . . . . . . . . . . . . 2 . . . . . . . . . . . . . 1 . 2 2 . 2 Utility 23 | . . . 2 . . . 2 . . . . 1 2 . . . 3 . . . . 1 1 . . 2 2 . 2 1 4 Weapon 21 | . . . 3 1 . . . 1 . . . 2 3 1 . . 3 . . . . . 3 . 1 1 . 1 . . 1 Tool/Special 8 | . . . . . . . 2 . . . . . . . . . 1 . . . . 1 . . . . . . . . 4 Average Slot Usage (%) 83 | . 93 100 97 99 100 100 91 98 100 97 92 88 84 79 73 72 80 81 77 74 71 81 87 89 90 85 69 81 74 79 75 Engine 2 | . 14 14 10 11 11 11 9 1 . 4 7 2 7 7 6 4 5 5 1 . . . . . . . . . . . . Core 2 | . . . . . . . . 7 9 4 . 2 . . . 1 4 5 9 9 10 10 3 . . . . . . . . Reactor 3 | . . . . . . . . . . . . . . . . . . . . . . . 1 5 4 9 7 8 5 12 11 Treads 11 | . 27 28 . . . 1 . . 5 . . 14 15 14 20 20 21 23 23 23 20 9 . . . . 2 20 17 15 15 Leg 12 | . . . 31 32 33 31 30 34 30 34 30 9 . . . . . . . . . 18 41 42 38 28 18 . . . . Device 7 | . . . . . . . 2 8 9 4 7 9 18 7 11 12 7 10 6 9 9 6 6 4 8 8 3 8 6 5 9 Storage 7 | . 21 14 11 18 11 11 9 9 9 9 7 12 7 11 6 6 5 5 5 5 5 5 5 5 4 4 4 4 4 4 3 Processor 7 | . . . . . . . . 5 9 9 7 7 10 11 6 6 8 5 5 5 5 5 7 10 14 13 4 12 13 14 9 Protection 2 | . 1 14 8 3 11 11 11 3 . 3 7 5 . 2 1 . . . 2 . . 2 . . . . 4 . 1 . 1 Energy Gun 2 | . . . . . . . . . . . . 11 21 17 13 11 . . . . . . . . . . . . . . . Impact Weapon 13 | . 22 27 32 33 33 33 27 25 27 25 23 9 . . . 1 7 10 6 7 6 14 17 14 9 10 13 12 9 7 7 Slashing Weapon 3 | . . . . . . . . . . . . . 1 3 6 1 14 11 11 11 12 4 1 1 3 4 . 3 . . . Piercing Weapon 3 | . . . . . . . . . . . . . . . . . . . . . . . . . 4 3 . 4 15 15 15 Peak Build Rating 227 | 6 10 10 22 23 23 23 36 38 34 33 33 74 76 79 87 90 103 102 101 116 111 116 134 140 163 174 177 196 200 216 227 Average Rating 107 | 5 8 9 16 22 23 22 28 36 33 27 29 41 73 71 86 87 93 98 95 109 109 107 109 130 152 161 156 182 194 213 192 On Entrance 81 | . 6 10 10 22 23 23 23 36 26 33 24 33 74 73 72 87 84 99 96 90 111 105 104 131 140 158 171 151 191 200 214 Avg Prop Armor Cover (%) 10 | . . . 4 . . . 19 . 20 10 . 12 14 . . . 6 . . . . 12 4 . 4 19 4 . . . 16 Naked Turns 40 | . . . . . . . . . . . . . . . . . . . . . . . . . . . . . . . 40 Heaviest Build 256 | 14 34 32 40 42 42 42 48 47 39 39 46 104 105 239 164 175 194 184 180 176 172 181 195 194 191 207 224 238 230 244 256 Greatest Support 310 | 40 40 40 45 45 45 45 80 80 80 65 50 150 150 150 225 225 225 204 204 279 252 225 190 200 195 205 280 310 310 310 310 Greatest Overweight (x) 14 | . . . 2 1 . . 14 . 3 . . 5 1 1 . 1 1 . . . 1 1 1 1 1 1 1 1 . . 1 Average Overweight (x) . | . . . . . . . 1 . 1 . . . . . . . . . . . . . . . . . . . . . . Largest Inventory Capacity 30 | 8 15 15 15 15 15 15 15 15 15 15 15 25 25 30 30 30 30 30 30 30 30 30 30 30 30 30 30 30 30 30 30 Average Capacity 25 | 7 9 15 15 15 15 15 15 15 15 15 15 18 25 27 30 30 30 30 30 30 30 30 30 30 30 30 30 30 30 30 29 Most Carried 30 | 3 10 10 15 14 14 15 15 15 15 15 15 25 25 30 29 30 30 30 30 30 30 30 30 30 30 30 30 30 30 30 30 Average Carried 24 | 1 6 10 12 13 14 14 14 14 14 14 14 16 24 27 28 27 28 30 29 26 29 29 28 29 29 29 29 29 29 28 27 Final Capacity 30 | 8 15 15 15 15 15 15 15 15 15 15 15 25 25 30 30 30 30 30 30 30 30 30 30 30 30 30 30 30 30 30 5 Final Carried 30 | 3 10 10 14 14 14 15 15 14 15 15 15 25 25 30 29 30 30 30 27 30 30 30 30 30 30 30 30 30 30 29 1 Class Distribution -------------------- 24% | Hauler-Gladiator 21% | Hauler-Mutant 13% | Mutant 8% | Scavenger-Gladiator 5% | Scavenger-Mutant 5% | Hauler-Assassin 5% | Scavenger-Tank 3% | Gladiator 3% | Scavenger-Assassin Dominant Class ---------------- Mutant | -10/Materials Mutant | -10/Mines Mutant | -9/Materials Mutant | -9/Mines Mutant | -9/Exiles Mutant | -8/Mines Mutant | -8/Materials Gladiator | -8/Garrison Commander-Gladiator | -8/Materials Scavenger-Gladiator | -8/Garrison Scavenger-Gladiator | -7/Factory Scavenger-Gladiator | -7/Garrison Skirmisher | -7/Factory Hauler-Tank | -7/Garrison Hauler-Mutant | -6/Factory Hauler-Skirmisher | -6/DSF Hauler-Mutant | -5/Factory Hauler-Mutant | -5/Upper Caves Hauler-Mutant | -5/Upper Caves Hauler-Mutant | -4/Factory Hauler-Assassin | -4/Upper Caves Scavenger-Assassin | -4/Upper Caves Scavenger-Assassin | -4/Warlord Hauler-Gladiator | -3/Proximity Caves Scavenger-Mutant | -3/Research Hauler-Assassin | -3/Testing Hauler-Mutant | -3/Garrison Hauler-Gladiator | -2/Research Hauler-Gladiator | -2/Quarantine Hauler-Gladiator | -1/Access Hauler-Gladiator | -1/Command Resources | -11 -10 -10 -9 -9 -9 -8 -8 -8 -8 -8 -7 -7 -7 -7 -6 -6 -5 -5 -5 -4 -4 -4 -4 -3 -3 -3 -3 -2 -2 -1 -1 ----------- Run | Yrd Mat Min Mat Min Exi Min Mat Gar Mat Gar Fac Gar Fac Gar Fac DSF Fac Upp Upp Fac Upp Upp War Pro Res Tes Gar Res Qua Acc Com Matter Collected 13257 | 245 375 144 168 95 . . 138 300 110 251 . 1052 160 540 . 146 1571 149 258 363 217 879 416 286 300 624 1152 665 1037 818 798 Remotely . | . . . . . . . . . . . . . . . . . . . . . . . . . . . . . . . . Salvage Created 25198 | 41 585 155 1393 156 . . . 849 104 337 . 1758 579 1557 . 665 2503 390 756 533 186 1270 1631 788 70 1112 2496 444 1100 1414 2326 Parts 944 | 3 27 9 28 4 . . . 38 2 24 . 65 22 47 . 22 104 10 23 31 4 54 60 27 3 65 84 11 61 49 67 Haulers Intercepted 7 | . . . 4 . . . . . 1 . . . . . . . 2 . . . . . . . . . . . . . . Recyclers Shooed 3 | . 2 . . . . . . . . . . . . . . . 1 . . . . . . . . . . . . . . Parts Field Recycled . | . . . . . . . . . . . . . . . . . . . . . . . . . . . . . . . . Retrieved Matter . | . . . . . . . . . . . . . . . . . . . . . . . . . . . . . . . . Parts Self-Destructed 31 | . . . . . . . . . . . . . . . . . . 1 9 . 2 6 . 13 . . . . . . . Prevented 74 | . . . . . . . . . . . . . . . . . . 9 15 . . 39 . 11 . . . . . . . Parts Restored . | . . . . . . . . . . . . . . . . . . . . . . . . . . . . . . . . Kills | -11 -10 -10 -9 -9 -9 -8 -8 -8 -8 -8 -7 -7 -7 -7 -6 -6 -5 -5 -5 -4 -4 -4 -4 -3 -3 -3 -3 -2 -2 -1 -1 ------- Run | Yrd Mat Min Mat Min Exi Min Mat Gar Mat Gar Fac Gar Fac Gar Fac DSF Fac Upp Upp Fac Upp Upp War Pro Res Tes Gar Res Qua Acc Com Combat Hostiles Destroyed 418 | . 14 3 19 8 . . . 30 1 18 . 36 12 16 . 12 36 6 10 10 1 22 22 10 1 13 43 8 16 25 26 Melee 144 | . 7 . 9 4 . . . 10 1 2 . 10 . . . . 22 . 5 8 1 . . 2 1 13 8 1 11 9 20 Guns 48 | . 5 . . . . . . . . . . 7 10 14 . 11 . . . . . . . . . . . 1 . . . Cannons 3 | . . . . . . . . . . . . . . 1 . 1 . . . . . . . . . . 1 . . . . AOE 121 | . . 2 . . . . . 11 . 15 . 13 . . . . 8 3 3 2 . 14 10 4 . . 12 5 . 15 4 Classes Destroyed 26 | 2 4 . 4 . . . . 2 . 3 . 1 . . . 2 . . . . 2 . 2 1 . . 1 1 1 . . Worker 15 | 1 2 . 4 . . . . . . . . . 1 . . . 3 . . 1 . . . . . . . . . 1 2 Builder 15 | . 3 1 2 1 . . . . . . . . 2 . . . 3 . . 1 . . . . . 1 . 1 . . . Tunneler 4 | 2 . . . 2 . . . . . . . . . . . . . . . . . . . . . . . . . . . Hauler 7 | . . . 4 . . . . . 1 . . . . . . . 2 . . . . . . . . . . . . . . Recycler 15 | . 2 2 5 . . . . . . . . . . . . . 2 . . . . . . . . 1 . . . 2 1 Minesweeper 2 | . . . . . . . . . . . . . . . . . . . . . 1 1 . . . . . . . . . Mechanic 3 | . . . 1 . . . . . . . . . . . . . . . . 1 . . . . . . . . . . 1 Drone 2 | . . . . . . . . . . . . . . . . . . . . . . . . 2 . . . . . . . Watcher 9 | . . . 2 . . . . 1 . . . . 1 . . . . . . . . . . . . 2 . . . 2 1 Swarmer 113 | . 9 3 . 8 . . . 13 . 8 . 15 . . . 6 10 . 1 4 . 10 . . . . 16 . . 5 5 Grunt 139 | . 5 . 15 . . . . 9 1 6 . 17 7 6 . 2 9 5 2 1 . 9 13 4 . . 14 3 2 9 . Brawler 11 | . . . . . . . . . . 1 . . . . . . . . 4 . . . 2 . . . 2 . 1 1 . Duelist 8 | . . . . . . . . 1 . 1 . . . 1 . . 1 . 2 . . 1 . 1 . . . . . . . Protector 3 | . . . . . . . . . . 1 . . . . . . . . . . . . 2 . . . . . . . . Sentry 37 | . . . 4 . . . . 4 . . . 1 2 6 . . 4 . 1 1 1 . . 1 . . 8 1 . 1 2 Demolisher 3 | . . . . . . . . . . 1 . . . . . . . . . . . . 1 . . . 1 . . . . Specialist 5 | . . . . . . . . . . . . . . . . 3 . . . . . . 1 . . 1 . . . . . Hunter 25 | . . . . . . . . 3 . . . 2 . . . . 1 1 . . . 2 . . . 4 . 2 . 2 8 Programmer 53 | . . . . . . . . . . . . 1 3 3 . . 11 . . 4 . . . 2 1 8 . . 3 7 10 Heavy 1 | . . . . . . . . . . . . . . . . 1 . . . . . . . . . . . . . . . Behemoth 2 | . . . . . . . . . . . . . . . . . . . . . . . . . . . 2 . . . . Quarantine Guard 9 | . . . . . . . . . . . . . . . . . . . . . . . . . . . . . 9 . . Striker 4 | . . . . . . . . . . . . . . . . . . . . . . . 2 . . . . 2 . . . Executioner 3 | . . . . . . . . . . . . . . . . . . . . . . . 1 . . . 2 . . . . Alpha 7 1 | . . . . . . . . . . . . . . . . . . . . . . . . . . . . . 1 . . Decomposer 1 | . . . . . . . . . . . . . . . . . . . . . 1 . . . . . . . . . . Samaritan 2 | . . . . . . . . . . . . . . . . . . . . . 2 . . . . . . . . . . Troll 1 | . . . . . . . . . . . . . . . . . . . . . . . . . . . . 1 . . . Best Kill Streak 15 | 2 5 4 5 10 . . . 5 2 4 . 5 5 4 . 5 6 4 4 6 1 5 15 3 1 5 11 7 2 8 6 Combat Bots Only 15 | . 3 3 2 4 . . . 5 1 4 . 5 5 4 . 5 6 4 4 4 1 5 15 3 1 5 11 6 2 7 4 Max Kills in Single Turn 5 | 1 1 2 2 1 . . . 4 1 2 . 2 2 2 . 2 3 1 2 2 1 3 5 2 1 1 5 2 1 3 3 Gunslinging 1 | . . . . . . . . . . . . . . 1 . 1 . . . . . . . . . . . . . . . Exploded 5 | . . 2 . . . . . 3 . 2 . 2 . . . . 3 1 2 2 . 3 5 2 . . 5 2 . 3 2 Melee 1 | . 1 . 1 1 . . . 1 1 1 . 1 . . . . 1 . 1 1 1 . . 1 1 1 1 1 1 1 1 Uniques/NPCs Destroyed 1 | . . . . . . . . . . . . . . . . . . . . . . . . . . . . . . . 1 MAIN.C Shell (-1/Command) Combat | -11 -10 -10 -9 -9 -9 -8 -8 -8 -8 -8 -7 -7 -7 -7 -6 -6 -5 -5 -5 -4 -4 -4 -4 -3 -3 -3 -3 -2 -2 -1 -1 -------- Run | Yrd Mat Min Mat Min Exi Min Mat Gar Mat Gar Fac Gar Fac Gar Fac DSF Fac Upp Upp Fac Upp Upp War Pro Res Tes Gar Res Qua Acc Com Hostile Shots Fired 3130 | . 52 3 97 34 . . 2 134 1 57 . 265 113 127 . 111 388 20 59 62 18 65 33 39 10 234 266 58 177 142 563 Missed 829 | . 15 1 27 9 . . 2 28 1 18 . 64 37 29 . 22 79 8 12 17 2 17 15 20 3 74 75 20 45 31 158 Intercepted 4 | . . . . . . . . . . . . . . . . . . . . . . . . . . . . . . . 4 Hits 2301 | . 37 2 70 25 . . . 106 . 39 . 201 76 98 . 89 309 12 47 45 16 48 18 19 7 160 191 38 132 111 405 Melee 30 | . . . . . . . . 3 . . . . . 1 . . 2 . 10 . . . . . . . 5 2 1 . 6 Projectile 2271 | . 37 2 70 25 . . . 103 . 39 . 201 76 97 . 89 307 12 37 45 16 48 18 19 7 160 186 36 131 111 399 AOE 22 | . . . . . . . . . . 7 . . . . . . 1 . . 1 . . 2 . . . 7 2 . . 2 Critical Strikes 105 | . . . 2 . . . . 5 . 3 . 8 1 . . 1 17 . 5 . 1 . 2 2 . 9 5 3 11 9 21 Part Disruptions 28 | . . . . . . . . . . . . . 1 . . 3 4 . . . . . . . 1 1 . . . 2 16 Damage Taken 43024 | . 335 16 861 196 . . . 1235 . 686 . 3148 844 953 . 1516 4909 329 1105 819 372 704 660 375 140 2263 4679 910 3445 1999 10525 Core 4981 | . 56 . 89 47 . . . 180 . 164 . 391 79 156 . 80 493 61 118 92 73 97 135 39 . 180 357 136 346 118 1494 Absorbed by Shields 5092 | . . . . . . . . 478 . 236 . . . . . . 519 . 189 . . . . . . 328 212 427 1098 715 890 Reduced by Siege Mode 285 | . . . . . . . . . . . . . 23 59 . 128 . . 30 . . 45 . . . . . . . . . Redirected to Shielding 36 | . . . . . . . . . . 4 . 32 . . . . . . . . . . . . . . . . . . . Ignored by Resistances 1144 | . . . . . . . . . . . . 37 40 16 . . 418 . . 82 . . . 44 26 290 191 . . . . Regen/Repaired (Parts) 209 | . 113 . 11 . . . . . . . . . . . . . . . . . . . 43 . . . . 42 . . . Core Remaining (%) 59 | 100 . 77 . . . 66 . . . 37 . . . 10 . 90 . . 32 . . . . 62 . . 58 . 66 . . Volleys Fired 441 | 4 28 2 . . . . . 15 . 30 . 73 25 24 . 27 6 7 12 4 . 32 24 14 . . 81 12 . 13 8 Largest 3 | 2 2 1 . . . . . 1 . 1 . 3 3 3 . 3 1 1 1 1 . 1 1 1 . . 1 2 . 1 1 Hottest 300 | 40 40 30 . . . . . 30 . 30 . 240 240 240 . 248 40 40 40 40 . 40 40 40 . . 94 158 . 70 300 Shots Fired 653 | 8 56 2 . . . . . 15 . 30 . 139 75 64 . 49 6 7 12 4 . 29 24 14 . . 81 17 . 13 8 Gun 369 | 8 56 . . . . . . . . . . 125 74 59 . 41 . . . . . . . . . . . 6 . . . Cannon 94 | . . . . . . . . . . . . . . 5 . 6 . . . . . . . . . . 74 5 . . 4 Launcher 188 | . . 2 . . . . . 15 . 30 . 14 . . . 2 6 7 12 4 . 29 24 14 . . 7 6 . 13 3 Special 2 | . . . . . . . . . . . . . 1 . . . . . . . . . . . . . . . . . 1 Kinetic 78 | 8 56 . . . . . . . . . . 8 . . . . . . . . . . . . . . . 6 . . . Thermal 297 | . . . . . . . . . . . . 117 74 59 . 41 . . . . . . . . . . . 5 . . 1 Explosive 90 | . . 2 . . . . . 15 . 30 . 14 . . . . . . . . . . . . . . 7 6 . 13 3 Electromagnetic 183 | . . . . . . . . . . . . . . 5 . 8 6 7 12 4 . 29 24 14 . . 74 . . . . Entropic 4 | . . . . . . . . . . . . . . . . . . . . . . . . . . . . . . . 4 Robot Hit Streak 36 | 2 4 . . . . . . 2 . 3 . 36 17 31 . 33 3 . 9 1 . 4 7 6 . . 11 3 . 10 16 Robot Miss Streak 6 | 1 3 . . . . . . 3 . 2 . 6 4 2 . 5 1 . . 2 . 3 3 1 . . 2 1 . 3 . Penetration Max 1 | . . . . . . . . . . . . . . . . . . . . . . . . . . . . 1 . . . Secondary Targets 14 | . . . . . . . . . . . . 2 3 5 . 4 . . . . . . . . . . . . . . . Max Gunslinging Chain 2 | . . . . . . . . . . . . 1 1 2 . 1 . . . . . . . . . . . . . . . Shots Hit Robots 1247 | 4 49 5 90 18 . . 1 51 4 30 . 121 62 80 . 40 130 2 28 28 20 14 14 21 5 40 105 18 96 48 123 Core Hits 741 | 3 15 5 15 3 . . 1 21 1 40 . 97 48 70 . 32 55 8 25 12 5 29 43 14 2 17 41 19 31 42 47 Critical Kills 19 | . 1 . 6 . . . . . . . . 5 . . . . 1 . . . . . . . . 1 2 . . 2 1 Critical Parts Destroyed 77 | . 2 . 12 2 . . . 6 . 2 . 8 . . . . 5 1 . 3 1 1 . 1 . 2 13 1 5 4 8 Critical Strikes 155 | . 3 . 18 2 . . . 6 . 2 . 13 . 2 . . 23 1 4 4 1 1 . 1 . 9 20 3 18 8 16 Corrupt 1 | . . . . . . . . . . . . . . . . . . . . . . . . . . . 1 . . . . Smash 100 | . 3 . 18 2 . . . 6 . 2 . 13 . . . . 6 1 . 3 1 1 . 1 . 3 19 1 5 6 9 Sever 30 | . . . . . . . . . . . . . . 2 . . 17 . 4 1 . . . . . 4 . 2 . . . Impale 24 | . . . . . . . . . . . . . . . . . . . . . . . . . . 2 . . 13 2 7 Melee Attacks 1468 | . 30 8 116 27 . . 2 98 4 45 4 83 9 34 1 2 226 4 27 54 24 18 1 20 17 99 99 22 145 67 182 Impact 798 | . 30 8 116 27 . . 2 98 4 45 4 83 . . . 2 70 4 5 17 4 15 1 9 . 47 99 8 32 22 46 Slashing 350 | . . . . . . . . . . . . . 9 34 1 . 156 . 22 37 20 3 . 11 5 40 . 12 . . . Piercing 320 | . . . . . . . . . . . . . . . . . . . . . . . . . 12 12 . 2 113 45 136 Sneak Attacks 84 | . 4 4 20 4 . . . 6 1 . . . . . . . 17 1 . 3 7 1 . . 1 2 . . 1 5 7 Combat Hostiles 10 | . . . . . . . . 1 . . . . . . . . 2 1 . . . . . . 1 . . . . 3 2 Follow-up Attacks 303 | . 1 1 24 3 . . . 13 1 4 . 15 . 9 . . 43 . 6 10 5 3 . 4 1 10 20 3 49 15 63 Damage Inflicted 72821 | 49 1297 431 4011 845 . . 19 2858 170 2361 . 4543 1498 3391 . 1200 6369 692 1385 1411 1176 2095 3322 1434 293 2255 7022 1989 5591 5517 9597 Guns 5953 | 49 386 . . . . . . . . . . 1757 1467 1354 . 799 . . . . . . . . . . . 141 . . . Cannons 4040 | . . . . . . . . . . . . . . 123 . 142 . . . . . . . . . . 1698 214 . . 1863 Explosions 19969 | . . 133 . . . . . 803 . 1657 . 1121 . . . 259 925 529 772 102 . 1786 3322 679 . . 2086 1075 . 3213 1507 Melee 42807 | . 911 298 4011 845 . . 19 2055 170 704 . 1665 . 1914 . . 5444 163 613 1288 1176 309 . 755 293 2255 3238 559 5591 2304 6227 Ramming 52 | . . . . . . . . . . . . . 31 . . . . . . 21 . . . . . . . . . . . Kinetic 576 | 49 386 . . . . . . . . . . . . . . . . . . . . . . . . . . 141 . . . Thermal 7250 | . . . . . . . . . . . . 1757 1467 1354 . 869 245 . . . . 119 1225 . . . . 214 . . . Explosive 11595 | . . 133 . . . . . 803 . 1657 . 1121 . . . . . . . . . . . . . . 2086 1075 . 3213 1507 Electromagnetic 8678 | . . . . . . . . . . . . . . 123 . 331 680 529 772 102 . 1667 2097 679 . . 1698 . . . . Impact 22943 | . 911 298 4011 845 . . 19 2055 170 704 . 1665 . . . . 2066 163 49 393 171 309 . 186 . 990 3238 137 1467 1094 2002 Slashing 9957 | . . . . . . . . . . . . . . 1914 . . 3378 . 564 895 1005 . . 569 241 1034 . 357 . . . Piercing 9907 | . . . . . . . . . . . . . . . . . . . . . . . . . 52 231 . 65 4124 1210 4225 Entropic 1863 | . . . . . . . . . . . . . . . . . . . . . . . . . . . . . . . 1863 Highest Corruption 87 | . . . 4 4 4 23 . . . . . 3 4 5 . 2 11 12 13 3 3 86 87 58 . . 66 . 6 8 45 Average Corruption 11 | . . . 3 4 4 5 . . . . . 2 3 4 . 1 5 11 12 2 3 39 67 4 . . 24 . 5 6 10 Corruption Purged 8 | . . . . . . . . . . . . . . . . . . . . . . . . . . . . . . 8 . Corruption Blocked 42 | . . . . . . . . . . . . . . . . . 15 . . . . . . . . 7 . . . 5 15 Effects 562 | . . . 3 16 8 2 . . . . . 32 24 33 . 4 20 26 21 8 16 101 4 9 . . 106 . 61 12 56 Message Errors 125 | . . . . 2 1 1 . . . . . 7 5 11 . 1 4 5 5 1 4 22 1 1 . . 16 . 18 4 16 Matter Fused 149 | . . . 2 2 1 1 . . . . . 8 8 5 . 1 3 5 6 2 6 28 1 6 . . 34 . 13 4 13 Heat Flow Errors 61 | . . . 1 1 1 . . . . . . 4 1 5 . . 2 4 3 1 3 16 . . . . 8 . 7 . 4 Energy Discharges 86 | . . . . 5 1 . . . . . . 7 6 4 . . 6 7 2 . 1 10 1 1 . . 17 . 8 2 8 Parts Rejected 10 | . . . . . . . . . . . . . . . . . 1 . . . . . . . . . 3 . 1 2 3 Parts Fused 6 | . . . . . 1 . . . . . . . . . . . . . 1 . . 2 . . . . . . 2 . . Data Loss (minor) 66 | . . . . 3 2 . . . . . . 1 2 6 . 2 3 4 . 2 1 8 1 1 . . 13 . 9 . 8 Data Loss (major) 29 | . . . . 3 1 . . . . . . 3 . 2 . . 1 . 3 2 . 5 . . . . 8 . 1 . . Misfires 4 | . . . . . . . . . . . . . 2 . . . . . . . . . . . . . 2 . . . . Alerts 17 | . . . . . . . . . . . . 1 . . . . . 1 . . 1 7 . . . . 2 . 2 . 3 Misdirections 3 | . . . . . . . . . . . . . . . . . . . 1 . . . . . . . 1 . . . 1 Weapon Failures 6 | . . . . . . . . . . . . 1 . . . . . . . . . 3 . . . . 2 . . . . Overload Shots . | . . . . . . . . . . . . . . . . . . . . . . . . . . . . . . . . Overflow Damage 9831 | . 263 155 999 272 . . . 571 19 57 . 498 . 67 . . 767 132 . 266 409 158 73 203 54 389 1362 80 800 712 1525 Projectiles 263 | . . . 6 . . . . . . . . . . . . . . . . . . . . . . . . 13 9 26 209 Explosions 610 | . . . . . . . . 73 . 19 . 18 . . . . 17 4 . . . 29 73 50 . . 176 . . 84 67 Melee 8958 | . 263 155 993 272 . . . 498 19 38 . 480 . 67 . . 750 128 . 266 409 129 . 153 54 389 1186 67 791 602 1249 Knockbacks 85 | . 4 2 13 2 . . . 8 . 3 . 5 . . . . 12 2 . 1 1 2 . 2 . 3 3 1 7 8 6 Impact 78 | . 4 2 12 2 . . . 8 . 3 . 5 . . . . 10 2 . 1 1 2 . 2 . 3 3 1 5 6 6 Kinetic . | . . . . . . . . . . . . . . . . . . . . . . . . . . . . . . . . Secondary 7 | . . . 1 . . . . . . . . . . . . . 2 . . . . . . . . . . . 2 2 . Self-Inflicted Damage 708 | . . . . . . . . 122 . 96 . 39 . . . 5 221 41 106 12 . . . 1 . . 65 . . . . Shots 30 | . . . . . . . . 5 . 5 . 1 . . . 1 7 2 6 1 . . . 1 . . 1 . . . . Rammed . | . . . . . . . . . . . . . . . . . . . . . . . . . . . . . . . . Targets Rammed 2 | . . . . . . . . . . . . . 1 . . . . . . 1 . . . . . . . . . . . Kicked . | . . . . . . . . . . . . . . . . . . . . . . . . . . . . . . . . Crushed 2 | . . . . . . . . . . . . . 1 . . . . . . 1 . . . . . . . . . . . Highest Temperature 446 | . . . 266 265 148 . . 18 . 10 . 219 318 434 . 285 165 326 235 211 250 287 205 1 . 3 415 180 280 17 446 Average Temperature 64 | . . . 130 137 76 . . 8 . 5 . 61 73 109 . 97 46 108 114 110 108 100 98 1 . 3 105 85 37 7 80 Received Heat Transfer 6312 | . 90 . 444 . . . . 404 . 195 . 1203 342 333 . 243 700 57 171 111 81 99 48 30 18 30 893 40 104 39 637 Effects 8 | . . . . . . . . . . . . . . . . . . . . . 1 . . . . . 4 . 1 . 2 Shutdowns 1 | . . . . . . . . . . . . . . . . . . . . . . . . . . . 1 . . . . Energy Bleed 3 | . . . . . . . . . . . . . . . . . . . . . 1 . . . . . 1 . 1 . . Interference 3 | . . . . . . . . . . . . . . . . . . . . . . . . . . . 2 . . . 1 Damage (minor) 1 | . . . . . . . . . . . . . . . . . . . . . . . . . . . . . . . 1 Siege Activations 17 | . . . . . . . . . . . . . 3 3 . 2 . . 2 . . 7 . . . . . . . . . Total Turns 462 | . . . . . . . . . . . . . 18 186 . 36 . . 46 . . 176 . . . . . . . . . Longest Duration 89 | . . . . . . . . . . . . . 15 89 . 24 . . 25 . . 46 . . . . . . . . . Martial Activations . | . . . . . . . . . . . . . . . . . . . . . . . . . . . . . . . . Shielding Activations . | . . . . . . . . . . . . . . . . . . . . . . . . . . . . . . . . Robots Disrupted 1 | . . . . . . . . . . . . . . . . . . . . . . . 1 . . . . . . . . Combat Hostiles 1 | . . . . . . . . . . . . . . . . . . . . . . . 1 . . . . . . . . Robots Corrupted 119 | . 4 2 19 6 . . . 9 1 1 . 6 . . . . 7 3 2 . . 9 12 4 . 1 24 1 5 1 2 Combat Hostiles 99 | . 2 1 10 4 . . . 9 . 1 . 6 . . . . 6 3 2 . . 8 12 4 . . 22 1 5 1 2 Parts Fried 191 | . 10 4 36 10 . . . 7 1 2 . 8 . . . 1 15 3 1 3 . 14 17 7 . 2 32 1 9 5 3 Impact Corruptions 238 | . 13 5 42 13 . . . 17 2 3 . 19 . . . . 22 3 . 3 1 3 . 1 . 6 30 2 16 13 24 Robots Melted 7 | . . . . . . . . . . . . 2 2 1 . 2 . . . . . . . . . . . . . . . Combat Hostiles 3 | . . . . . . . . . . . . . 2 1 . . . . . . . . . . . . . . . . . Parts Melted 41 | . . . . . . . . . . . . 11 11 13 . 4 . 1 . . . . . . . . 1 . . . . Heat Transferred 12604 | . . . . . . . . . . . . 3977 2620 3025 . 1950 150 . . . . 50 675 . . . . 157 . . . Parts Sabotaged . | . . . . . . . . . . . . . . . . . . . . . . . . . . . . . . . . Parts Stolen . | . . . . . . . . . . . . . . . . . . . . . . . . . . . . . . . . Parts Stripped . | . . . . . . . . . . . . . . . . . . . . . . . . . . . . . . . . Power Chain Reactions 16 | . . . . . . . . . . . . . . . . 1 1 . . . . 3 11 . . . . . . . . Alert | -11 -10 -10 -9 -9 -9 -8 -8 -8 -8 -8 -7 -7 -7 -7 -6 -6 -5 -5 -5 -4 -4 -4 -4 -3 -3 -3 -3 -2 -2 -1 -1 ------- Run | Yrd Mat Min Mat Min Exi Min Mat Gar Mat Gar Fac Gar Fac Gar Fac DSF Fac Upp Upp Fac Upp Upp War Pro Res Tes Gar Res Qua Acc Com Maximum Alert Level 5 | . . . 1 1 . . . 5 3 4 3 5 4 4 3 3 3 . . 1 . . . . . . 5 4 3 2 2 Low Security (%) 22 | 100 100 100 84 71 . 100 100 15 . . . . . . . . 20 . . 49 . . . . 100 100 9 . . 9 . Level 1 14 | . . . 15 28 . . . 14 . . . . . . . . 58 . . 50 . . . . . . 2 . . 29 32 Level 2 23 | . . . . . . . . 9 . 16 . 8 . . . 55 12 . . . . . . . . . 18 . 94 60 67 Level 3 13 | . . . . . . . . 29 100 56 100 6 42 61 100 44 7 . . . . . . . . . 11 . 5 . . Level 4 17 | . . . . . . . . 22 . 27 . 38 57 38 . . . . . . . . . . . . 18 100 . . . Level 5 8 | . . . . . . . . 8 . . . 46 . . . . . . . . . . . . . . 39 . . . . High Security . | . . . . . . . . . . . . . . . . . . . . . . . . . . . . . . . . Max Security . | . . . . . . . . . . . . . . . . . . . . . . . . . . . . . . . . Sterilizations 1 | . . . . . . . . . . . . . . . . 1 . . . . . . . . . . . . . . . Peak Influence 2482 | 5 191 74 227 258 . . 35 1726 841 1407 740 2482 1302 1410 739 779 720 . . 383 . . . . 33 112 2420 1481 718 678 596 Initial 1361 | . 3 27 20 73 . . . 16 841 497 738 515 1302 795 739 507 408 . . 147 . . . . . 3 70 1361 687 340 388 Average 722 | 1 106 12 116 159 . . 1 809 797 1000 728 1516 1126 1084 733 658 326 . . 214 . . . . 6 37 1283 1315 620 477 447 Influence Increases 17713 | 15 400 94 716 255 . . 35 1816 74 1020 38 2207 369 625 6 312 1264 155 345 626 25 540 500 205 79 505 2560 414 619 801 1093 Destroy 0b10 Robot/C 8620 | . 280 60 380 160 . . 20 800 40 420 . 720 240 320 . 240 720 120 200 200 20 440 400 160 20 280 880 160 320 500 520 Destroy 0b10 Robot/NC 450 | 15 35 15 90 15 . . . 5 10 5 . 30 20 30 . 10 50 . . 15 5 5 10 10 . 20 . 5 . 25 25 Destroy Leader 1210 | . 40 10 92 20 . . 10 40 2 40 . 50 72 40 . 40 164 20 10 30 . 50 . 20 10 54 70 30 110 84 102 Allied During Kill 115 | . . . . . . . 5 45 9 23 . . . . . . . . . . . . . . . 8 25 . . . . Successful Hack 222 | . 13 . 15 . . . . 30 12 14 36 . 14 . 5 . 33 . . 14 . . . . 14 12 10 . . . . Disable Machine 570 | . 30 . . . . . . 30 . 75 . 30 15 . . . . . . 30 . . . . 15 60 60 60 90 15 60 Anti-Garrison Action 3350 | . . . . . . . . 500 . 300 . 1050 . 200 . . . . . 200 . . . . . . 1050 . . . 50 Destroy Structure 1256 | . 2 9 4 . . . . 111 1 143 2 102 8 20 1 7 102 . . 32 . . . . 20 56 270 114 39 147 66 Partial Spotted 45 | . . . . . . . . . . . . . . . . . . . . . . . . . . 15 . . 15 . 15 Lose Combat Pursuer 1875 | . . . 135 60 . . . 255 . . . 225 . 15 . 15 195 15 135 105 . 45 90 15 . . 195 45 45 30 255 Influence Decreases 17238 | 10 335 110 581 380 64 . 10 115 1035 378 709 461 1714 352 691 258 1325 617 367 515 370 341 263 641 73 417 234 1611 1273 763 1225 Entered New Map 8330 | . 2 43 34 116 64 . . 9 885 268 669 221 1180 342 671 218 371 267 49 87 129 . 199 436 . 3 24 1059 536 229 219 Time Decay 7332 | 10 333 67 517 254 . . 10 . 110 . 40 . 534 . 20 . 704 350 278 398 241 341 64 205 73 364 . 542 697 514 666 Lost Part 1140 | . . . 30 10 . . . 30 . 50 . 240 . 10 . 40 100 . 30 30 . . . . . 50 110 10 40 20 340 Lost Ally 286 | . . . . . . . . 76 40 60 . . . . . . . . 10 . . . . . . . 100 . . . . Purge Threat 150 | . . . . . . . . . . . . . . . . . 150 . . . . . . . . . . . . . . Squads Dispatched 70 | . 2 . 1 . . . 1 . . . . . 11 . . 2 13 . 1 4 . . . . . 6 . 1 3 10 15 Investigation 16 | . 1 . 1 . . . . . . . . . 2 . . . 1 . . 2 . . . . . 2 . 1 . 3 3 Extermination 28 | . . . . . . . . . . . . . 3 . . . 6 . . 2 . . . . . 4 . . 1 4 8 Reinforcement 17 | . 1 . . . . . 1 . . . . . 2 . . 2 3 . . . . . . . . . . . 2 3 3 Assault 6 | . . . . . . . . . . . . . 4 . . . . . 1 . . . . . . . . . . . 1 Garrison 3 | . . . . . . . . . . . . . . . . . 3 . . . . . . . . . . . . . . Intercept . | . . . . . . . . . . . . . . . . . . . . . . . . . . . . . . . . Searches Triggered . | . . . . . . . . . . . . . . . . . . . . . . . . . . . . . . . . Construction Impeded 1 | . . . . . . . . . . . . . 1 . . . . . . . . . . . . . . . . . . Haulers Reinforced . | . . . . . . . . . . . . . . . . . . . . . . . . . . . . . . . . Active Scanning Responses . | . . . . . . . . . . . . . . . . . . . . . . . . . . . . . . . . Cargo Convoy Interrupts . | . . . . . . . . . . . . . . . . . . . . . . . . . . . . . . . . Stealth | -11 -10 -10 -9 -9 -9 -8 -8 -8 -8 -8 -7 -7 -7 -7 -6 -6 -5 -5 -5 -4 -4 -4 -4 -3 -3 -3 -3 -2 -2 -1 -1 --------- Run | Yrd Mat Min Mat Min Exi Min Mat Gar Mat Gar Fac Gar Fac Gar Fac DSF Fac Upp Upp Fac Upp Upp War Pro Res Tes Gar Res Qua Acc Com Distress Signals 39 | . 3 . 2 . . . . 5 . . . . 1 . . . 2 . . . . . 1 . . 2 . 8 . 5 10 Communications Jammed 38 | . . . . . . . . . . . . . . . . . . . . 1 . . . . . . . . . . 37 Distress Signals 34 | . . . . . . . . . . . . . . . . . . . . 1 . . . . . . . . . . 33 Times Spotted 644 | . 21 1 34 11 . . 4 53 4 21 . 42 17 16 . 14 56 7 21 18 1 17 30 10 6 19 55 23 25 33 85 Peak Tracking Total 14 | . 5 1 4 4 . . 2 7 2 4 . 7 7 4 . 6 6 5 7 5 1 4 14 4 3 5 9 6 4 7 11 Tactical Retreats 82 | . . . 6 2 . . . 8 . . . 14 . 1 . 1 10 1 5 3 . 2 2 1 . . 12 3 2 2 7 Traps | -11 -10 -10 -9 -9 -9 -8 -8 -8 -8 -8 -7 -7 -7 -7 -6 -6 -5 -5 -5 -4 -4 -4 -4 -3 -3 -3 -3 -2 -2 -1 -1 ------- Run | Yrd Mat Min Mat Min Exi Min Mat Gar Mat Gar Fac Gar Fac Gar Fac DSF Fac Upp Upp Fac Upp Upp War Pro Res Tes Gar Res Qua Acc Com Traps Triggered 30 | . . . 2 . . . . 7 . 6 . 4 1 1 . 1 . 1 . . . . 2 . . 1 1 . 2 . 1 Indirectly . | . . . . . . . . . . . . . . . . . . . . . . . . . . . . . . . . Trap Hack Attempts . | . . . . . . . . . . . . . . . . . . . . . . . . . . . . . . . . Triggered . | . . . . . . . . . . . . . . . . . . . . . . . . . . . . . . . . Disarmed . | . . . . . . . . . . . . . . . . . . . . . . . . . . . . . . . . Reprogrammed . | . . . . . . . . . . . . . . . . . . . . . . . . . . . . . . . . Reused . | . . . . . . . . . . . . . . . . . . . . . . . . . . . . . . . . Traps Extracted . | . . . . . . . . . . . . . . . . . . . . . . . . . . . . . . . . Installed . | . . . . . . . . . . . . . . . . . . . . . . . . . . . . . . . . Triggered . | . . . . . . . . . . . . . . . . . . . . . . . . . . . . . . . . Machines | -11 -10 -10 -9 -9 -9 -8 -8 -8 -8 -8 -7 -7 -7 -7 -6 -6 -5 -5 -5 -4 -4 -4 -4 -3 -3 -3 -3 -2 -2 -1 -1 ---------- Run | Yrd Mat Min Mat Min Exi Min Mat Gar Mat Gar Fac Gar Fac Gar Fac DSF Fac Upp Upp Fac Upp Upp War Pro Res Tes Gar Res Qua Acc Com Machines Disabled 65 | . 2 . . . . . . 6 . 10 . 6 1 2 . . . . 1 2 . . 3 . 1 4 11 4 6 1 5 Max in Single Turn 2 | . 1 . . . . . . 1 . 2 . 1 1 1 . . . . 1 1 . . 1 . 1 1 1 1 1 1 1 Garrison Access 2 | . . . . . . . . . . . . . . . . . . . . 1 . . . . . . . 1 . . . Garrison Relay 18 | . . . . . . . . 4 . 4 . 4 . 2 . . . . . . . . . . . . 4 . . . . Phase Generator 2 | . . . . . . . . . . . . . . . . . . . . . . . . . . . 1 . . . 1 Machines Repaired . | . . . . . . . . . . . . . . . . . . . . . . . . . . . . . . . . Machines Dismantled 8 | . . . . . . . . . . . . . . . . . . . . 1 . . 1 . . . 2 3 . . 1 Machines Sabotaged . | . . . . . . . . . . . . . . . . . . . . . . . . . . . . . . . . Overloaded Fab Kills . | . . . . . . . . . . . . . . . . . . . . . . . . . . . . . . . . Hacking | -11 -10 -10 -9 -9 -9 -8 -8 -8 -8 -8 -7 -7 -7 -7 -6 -6 -5 -5 -5 -4 -4 -4 -4 -3 -3 -3 -3 -2 -2 -1 -1 --------- Run | Yrd Mat Min Mat Min Exi Min Mat Gar Mat Gar Fac Gar Fac Gar Fac DSF Fac Upp Upp Fac Upp Upp War Pro Res Tes Gar Res Qua Acc Com Machines Accessed 56 | . 2 . 4 . 1 . 1 3 2 2 2 1 4 . 1 . 5 1 . 5 2 . 1 . 1 5 1 1 2 4 5 Terminals 33 | . 1 . 3 . . . . 3 1 2 . 1 2 . 1 . 3 . . 3 . . . . 1 3 1 . 1 3 4 Fabricators 5 | . . . . . . . . . . . . . 1 . . . 2 . . 1 . . . . . 1 . . . . . Repair Stations 5 | . 1 . 1 . . . . . . . . . . . . . . . . . . . . . . . . 1 1 . 1 Recycling Units . | . . . . . . . . . . . . . . . . . . . . . . . . . . . . . . . . Scanalyzers 1 | . . . . . . . . . . . 1 . . . . . . . . . . . . . . . . . . . . Garrison Access 7 | . . . . . . . 1 . 1 . 1 . 1 . . . . . . 1 . . . . . 1 . . . 1 . Total Hacks 130 | . 6 . 8 . 1 . 2 8 5 4 5 2 10 . 2 . 13 1 . 19 5 . 1 . 4 9 3 1 2 9 10 Successful 50 | . 4 . 4 . 1 . 1 2 4 1 3 . 3 . 1 . 7 1 . 5 5 . 1 . 1 2 1 1 1 . 1 Failed 80 | . 2 . 4 . . . 1 6 1 3 2 2 7 . 1 . 6 . . 14 . . . . 3 7 2 . 1 9 9 Catastrophic 11 | . . . . . . . . 1 1 . . 1 1 . . . 1 . . 2 . . . . . . . . 1 1 2 Database Lockouts . | . . . . . . . . . . . . . . . . . . . . . . . . . . . . . . . . Manual 60 | . 3 . 8 . . . . . 4 . . . 4 . . . 10 . . 13 . . . . 4 6 . 1 . . 7 Terminals 88 | . 3 . 7 . . . . 8 4 4 . 2 4 . 2 . 10 . . 16 . . . . 4 4 3 . 1 8 8 Fabricators 8 | . . . . . . . . . . . . . 2 . . . 3 . . 1 . . . . . 2 . . . . . Repair Stations 8 | . 3 . 1 . . . . . . . . . . . . . . . . . . . . . . . . 1 1 . 2 Recycling Units . | . . . . . . . . . . . . . . . . . . . . . . . . . . . . . . . . Scanalyzers 4 | . . . . . . . . . . . 4 . . . . . . . . . . . . . . . . . . . . Garrison Access 14 | . . . . . . . 2 . 1 . 1 . 4 . . . . . . 2 . . . . . 3 . . . 1 . Terminal Hacks 25 | . 1 . 3 . 1 . . 2 2 1 . . . . 1 . 1 1 . 3 5 . 1 . . . 1 . 1 . 1 Record 5 | . . . . . 1 . . . . . . . . . . . . . . . 4 . . . . . . . . . . Part Schematic 2 | . 1 . 1 . . . . . . . . . . . . . . . . . . . . . . . . . . . . Open Door 5 | . . . . . . . . . . . . . . . . . . 1 . . 1 . 1 . . . . . 1 . 1 Open DSF 1 | . . . . . . . . . . . . . . . 1 . . . . . . . . . . . . . . . . Branch Access Points 2 | . . . 1 . . . . . . . . . . . . . . . . 1 . . . . . . . . . . . Emergency Access Points 1 | . . . . . . . . 1 . . . . . . . . . . . . . . . . . . . . . . . Terminal Index 1 | . . . . . . . . . 1 . . . . . . . . . . . . . . . . . . . . . . Unreport Threat 1 | . . . . . . . . . . . . . . . . . 1 . . . . . . . . . . . . . . Hauler Manifests 1 | . . . . . . . . . . . . . . . . . . . . 1 . . . . . . . . . . . Registered Components 1 | . . . . . . . . . . . . . . . . . . . . 1 . . . . . . . . . . . Zone Layout 2 | . . . 1 . . . . . 1 . . . . . . . . . . . . . . . . . . . . . . Garrison Registry 1 | . . . . . . . . . . . . . . . . . . . . . . . . . . . 1 . . . . Patrol Navigation 1 | . . . . . . . . . . 1 . . . . . . . . . . . . . . . . . . . . . Security Stations 1 | . . . . . . . . 1 . . . . . . . . . . . . . . . . . . . . . . . Fabricator Hacks 3 | . . . . . . . . . . . . . 1 . . . 2 . . . . . . . . . . . . . . Load Schematic 1 | . . . . . . . . . . . . . . . . . 1 . . . . . . . . . . . . . . Build 2 | . . . . . . . . . . . . . 1 . . . 1 . . . . . . . . . . . . . . Repair Station Hacks 3 | . 3 . . . . . . . . . . . . . . . . . . . . . . . . . . . . . . Scan Component 1 | . 1 . . . . . . . . . . . . . . . . . . . . . . . . . . . . . . Repair 1 | . 1 . . . . . . . . . . . . . . . . . . . . . . . . . . . . . . Refit 1 | . 1 . . . . . . . . . . . . . . . . . . . . . . . . . . . . . . Recycling Unit Hacks . | . . . . . . . . . . . . . . . . . . . . . . . . . . . . . . . . Scanalyzer 2 | . . . . . . . . . . . 2 . . . . . . . . . . . . . . . . . . . . Retrieve Study 2 | . . . . . . . . . . . 2 . . . . . . . . . . . . . . . . . . . . Garrison Access Hacks 5 | . . . . . . . 1 . 1 . 1 . 1 . . . . . . . . . . . . 1 . . . . . Unlock Access 5 | . . . . . . . 1 . 1 . 1 . 1 . . . . . . . . . . . . 1 . . . . . Unauthorized Hacks 12 | . . . 1 . . . . . 1 . . . 1 . . . 4 . . 2 . . . . 1 1 . 1 . . . Terminals 7 | . . . . . . . . . 1 . . . 1 . . . 3 . . 1 . . . . 1 . . . . . . Botnet 7 | . . . . . . . . . 1 . . . 1 . . . 3 . . 1 . . . . 1 . . . . . . Fabricators 2 | . . . . . . . . . . . . . . . . . 1 . . . . . . . . 1 . . . . . Liberate 1 | . . . . . . . . . . . . . . . . . . . . . . . . . . 1 . . . . . Haulers 1 | . . . . . . . . . . . . . . . . . 1 . . . . . . . . . . . . . . Repair Stations 2 | . . . 1 . . . . . . . . . . . . . . . . . . . . . . . . 1 . . . Patch 2 | . . . 1 . . . . . . . . . . . . . . . . . . . . . . . . 1 . . . Recycling Units . | . . . . . . . . . . . . . . . . . . . . . . . . . . . . . . . . Scanalyzers . | . . . . . . . . . . . . . . . . . . . . . . . . . . . . . . . . Garrison Access 1 | . . . . . . . . . . . . . . . . . . . . 1 . . . . . . . . . . . Jam 1 | . . . . . . . . . . . . . . . . . . . . 1 . . . . . . . . . . . Data Cores Recovered 1 | . . . . . . . . . 1 . . . . . . . . . . . . . . . . . . . . . . Used 1 | . . . . . . . . . 1 . . . . . . . . . . . . . . . . . . . . . . Hacking Detections 45 | . 2 . 2 . . . . 2 2 2 2 1 4 . . . 5 . . 5 . . . . 1 5 . . 1 4 7 Full Trace Events 11 | . 1 . . . . . . 2 . . . 1 1 . . . 1 . . 1 . . . . . 1 . . . 2 1 Feedback Events 1 | . . . . . . . . . . . . . . . . . . . . . . . . . . . . . . 1 . Corruption 1 | . . . . . . . . . . . . . . . . . . . . . . . . . . . . . . 1 . Feedback Blocked . | . . . . . . . . . . . . . . . . . . . . . . . . . . . . . . . . Robot Schematics Acquired 1 | . . . . . . . . . . . . . . . . . . . . . . . . . . . . . 1 . . Robots Built . | . . . . . . . . . . . . . . . . . . . . . . . . . . . . . . . . Authchips . | . . . . . . . . . . . . . . . . . . . . . . . . . . . . . . . . Time . | . . . . . . . . . . . . . . . . . . . . . . . . . . . . . . . . Total Robot Build Rating . | . . . . . . . . . . . . . . . . . . . . . . . . . . . . . . . . Part Schematics Acquired 6 | . 1 . 1 . . . . . . . . . . . . . . . . . . . . . . . . . 4 . . Parts Built 3 | . . . . . . . . . . . . . 2 . . . 1 . . . . . . . . . . . . . . Authchips . | . . . . . . . . . . . . . . . . . . . . . . . . . . . . . . . . Time 109 | . . . . . . . . . . . . . 58 . . . 51 . . . . . . . . . . . . . . Total Part Build Rating 15 | . . . . . . . . . . . . . 14 . . . 1 . . . . . . . . . . . . . . Part Studies Acquired 2 | . . . . . . . . . . . 2 . . . . . . . . . . . . . . . . . . . . Parts Repaired 1 | . 1 . . . . . . . . . . . . . . . . . . . . . . . . . . . . . . Time 26 | . 26 . . . . . . . . . . . . . . . . . . . . . . . . . . . . . . Parts Recycled . | . . . . . . . . . . . . . . . . . . . . . . . . . . . . . . . . Recycled Matter . | . . . . . . . . . . . . . . . . . . . . . . . . . . . . . . . . Retrieved Matter . | . . . . . . . . . . . . . . . . . . . . . . . . . . . . . . . . Retrieved Components . | . . . . . . . . . . . . . . . . . . . . . . . . . . . . . . . . Parts Scanalyzed . | . . . . . . . . . . . . . . . . . . . . . . . . . . . . . . . . Part Schematics Acquired . | . . . . . . . . . . . . . . . . . . . . . . . . . . . . . . . . Parts Damaged . | . . . . . . . . . . . . . . . . . . . . . . . . . . . . . . . . Bothacking | -11 -10 -10 -9 -9 -9 -8 -8 -8 -8 -8 -7 -7 -7 -7 -6 -6 -5 -5 -5 -4 -4 -4 -4 -3 -3 -3 -3 -2 -2 -1 -1 ------------ Run | Yrd Mat Min Mat Min Exi Min Mat Gar Mat Gar Fac Gar Fac Gar Fac DSF Fac Upp Upp Fac Upp Upp War Pro Res Tes Gar Res Qua Acc Com Used RIF Installer . | . . . . . . . . . . . . . . . . . . . . . . . . . . . . . . . . Robots Hacked . | . . . . . . . . . . . . . . . . . . . . . . . . . . . . . . . . Non-combat . | . . . . . . . . . . . . . . . . . . . . . . . . . . . . . . . . Combat . | . . . . . . . . . . . . . . . . . . . . . . . . . . . . . . . . Robot Hacks Applied . | . . . . . . . . . . . . . . . . . . . . . . . . . . . . . . . . Relay Couplers Released 71 | . . . . . . . . 17 . 15 . 19 . 6 . . . . . . . . . . . . 13 1 . . . Machine Destruction 68 | . . . . . . . . 17 . 15 . 16 . 6 . . . . . . . . . . . . 13 1 . . . Programmers 3 | . . . . . . . . . . . . 3 . . . . . . . . . . . . . . . . . . . Fabnet Peak Effective % . | . . . . . . . . . . . . . . . . . . . . . . . . . . . . . . . . Robots Rewired 11 | . . . . . . . . 9 . . . . . . . . . . . . . . . . . . 2 . . . . Allies Hacked . | . . . . . . . . . . . . . . . . . . . . . . . . . . . . . . . . Hacks Repelled . | . . . . . . . . . . . . . . . . . . . . . . . . . . . . . . . . Allies | -11 -10 -10 -9 -9 -9 -8 -8 -8 -8 -8 -7 -7 -7 -7 -6 -6 -5 -5 -5 -4 -4 -4 -4 -3 -3 -3 -3 -2 -2 -1 -1 -------- Run | Yrd Mat Min Mat Min Exi Min Mat Gar Mat Gar Fac Gar Fac Gar Fac DSF Fac Upp Upp Fac Upp Upp War Pro Res Tes Gar Res Qua Acc Com Total Allies 19 | . . . . 3 . . . 9 . . . . . . . . . . . . . . . . . 3 4 . . . . Largest Group 6 | . . . . 3 3 3 3 6 5 3 . . . . . . . . . . . . . . . 3 3 . . . . Highest-Rated Group 238 | . . . . 40 40 40 40 105 57 47 . . . . . . . . . . . . . . . 141 238 . . . . Highest-Rated Ally 119 | . . . . 16 16 16 16 21 21 21 . . . . . . . . . . . . . . . 47 119 . . . . Initial Warlord ECA Mod 41 | . . . . . . . . . 8 8 15 15 21 21 24 24 33 33 33 32 32 32 32 31 31 31 31 41 41 40 40 Total Orders 13 | . . . . . . . . . . . . . . . . . 3 4 3 . . . 3 . . . . . . . . EXPLORE 8 | . . . . . . . . . . . . . . . . . 2 2 2 . . . 2 . . . . . . . . RETURN 5 | . . . . . . . . . . . . . . . . . 1 2 1 . . . 1 . . . . . . . . Ally Attacks 118 | . . . . . . . 5 43 15 38 . . . . . . . . . . . . . . . 6 11 . . . . Total Damage 2061 | . . . . . . . 64 632 97 652 . . . . . . . . . . . . . . . 220 396 . . . . Kills 20 | . . . . . . . 2 10 2 4 . . . . . . . . . . . . . . . 1 1 . . . . Allies Corrupted 2 | . . . . . . . . . . . . . . . . . . . . . . . . . . . 2 . . . . Allies Melted 5 | . . . . . . . . . . . . . . . . . . . . . . . . . . . 1 4 . . . Intel | -11 -10 -10 -9 -9 -9 -8 -8 -8 -8 -8 -7 -7 -7 -7 -6 -6 -5 -5 -5 -4 -4 -4 -4 -3 -3 -3 -3 -2 -2 -1 -1 ------- Run | Yrd Mat Min Mat Min Exi Min Mat Gar Mat Gar Fac Gar Fac Gar Fac DSF Fac Upp Upp Fac Upp Upp War Pro Res Tes Gar Res Qua Acc Com Active Infowar (turns) 17844 | . . . . . . . . . . . 93 3 1405 2 40 164 2563 704 353 929 873 1612 296 1013 317 1145 12 1516 1508 764 2532 Optics 876 | . . . . . . . . . . . . . 370 . . . . . . . . . . . . . . 506 . . . Sensors 13079 | . . . . . . . . . . . 93 3 1245 . 40 164 2461 623 333 680 868 1607 295 964 311 1102 . 434 1220 614 22 Terrain 5776 | . . . . . . . . . . . . . 521 2 . 3 393 . . . . 66 . 49 111 926 12 1396 728 626 943 Structural 2091 | . . . . . . . . . . . . . . . . . 252 73 20 85 500 940 221 . . . . . . . . Seismic 202 | . . . . . . . . . . . . . . . . . . . . . . . . . . . . . . . 202 Jamming 4923 | . . . . . . . . . . . . . 363 . . . 401 54 . 925 373 . . . 198 129 . . . 277 2203 ECM 2 | . . . . . . . . . . . . . . . . . . . . . . . . . . . . 2 . . . Robot Analysis Total . | . . . . . . . . . . . . . . . . . . . . . . . . . . . . . . . . Derelict Logs Recovered 8 | . . . . 3 . . . . . . . . . . . . . 2 2 . . 1 . . . . . . . . . Drone Launches 8 | . . . . . . . . . . . . . . . . . 2 2 2 . . . 2 . . . . . . . . Drone Recoveries 7 | . . . . . . . . . . . . . . . . . 2 2 1 . . . 2 . . . . . . . . Exploration | -11 -10 -10 -9 -9 -9 -8 -8 -8 -8 -8 -7 -7 -7 -7 -6 -6 -5 -5 -5 -4 -4 -4 -4 -3 -3 -3 -3 -2 -2 -1 -1 ------------- Run | Yrd Mat Min Mat Min Exi Min Mat Gar Mat Gar Fac Gar Fac Gar Fac DSF Fac Upp Upp Fac Upp Upp War Pro Res Tes Gar Res Qua Acc Com Turns Passed 37081 | 109 796 345 1572 545 414 112 270 1980 221 1215 93 2926 1502 1251 41 365 3071 782 605 940 873 1975 750 1219 379 1231 2990 1557 2927 1410 2615 Spaces Moved 17169 | 56 322 178 779 378 340 85 121 957 80 625 68 1257 728 315 22 136 1233 429 234 383 496 649 410 521 165 697 1318 858 1497 575 1257 Core 115 | 4 . . . . . . 14 . . . . . . . . . . . . . . . . . . . . . . . 97 Treads 10181 | 52 322 178 6 . . . . 3 11 . . 723 728 315 22 136 1233 429 234 383 496 614 . . . . 209 858 1497 575 1157 Legs 6873 | . . . 773 378 340 85 107 954 69 625 68 534 . . . . . . . . . 35 410 521 165 697 1109 . . . 3 Wheels . | . . . . . . . . . . . . . . . . . . . . . . . . . . . . . . . . Hover . | . . . . . . . . . . . . . . . . . . . . . . . . . . . . . . . . Flight . | . . . . . . . . . . . . . . . . . . . . . . . . . . . . . . . . Fastest Speed 50 | 50 160 160 120 120 120 120 120 126 125 120 105 105 160 160 160 160 160 165 165 162 160 120 115 112 105 108 110 145 148 150 50 Average Speed 158 | 152 160 160 145 120 120 120 194 129 233 121 109 182 162 205 160 161 170 165 165 163 161 234 141 149 160 119 175 149 154 156 148 Slowest Speed 750 | 160 160 160 260 190 120 120 750 160 330 125 120 455 240 240 160 240 246 165 165 165 240 240 190 185 182 192 220 231 157 157 247 Overloaded Moves . | . . . . . . . . . . . . . . . . . . . . . . . . . . . . . . . . Propulsion Burnouts . | . . . . . . . . . . . . . . . . . . . . . . . . . . . . . . . . Robots Hopped . | . . . . . . . . . . . . . . . . . . . . . . . . . . . . . . . . Potential Cave-ins 13 | . . . . . . . . . . . . . . . . . . . . . . 3 . . . . . 2 . 4 4 Cave-ins Triggered . | . . . . . . . . . . . . . . . . . . . . . . . . . . . . . . . . Exploration Rate (%) 48 | 3 55 51 67 80 85 30 11 89 9 84 3 84 24 41 1 77 31 63 29 13 55 71 95 61 7 77 79 30 83 20 44 Regions Visited 31 Branch Regions 13 Pre-discovered Areas 2 | . . . . . . . . . . . . . . . . . . 1 1 . . . . . . . . . . . . Known Exits Taken 19 | . . . 1 . . . 1 . 1 . 1 . 1 . 1 . 1 1 1 1 1 1 1 1 1 1 . 1 1 1 . Unknown Exits Taken 6 | 1 1 1 . 1 1 1 . . . . . . . . . . . . . . . . . . . . . . . . . Scrap Searched 7 | . . . . 1 . . . . . . . . . . . . . 2 . . 1 3 . . . . . . . . . Spaces Dug 188 | . 2 . 3 . . . . 1 . 3 2 6 8 . 1 1 42 1 . 16 1 5 1 2 10 29 3 8 13 5 25 Terrain Destroyed 749 | . 2 12 3 . . . . 41 . 83 2 56 8 . 1 12 50 1 . 16 1 45 64 2 10 29 141 54 13 78 25 Melee 187 | . 2 . 3 . . . . 1 . 3 2 5 8 . 1 1 42 1 . 16 1 5 1 2 10 29 3 8 13 5 25 Projectile 1 | . . . . . . . . . . . . 1 . . . . . . . . . . . . . . . . . . . AOE 561 | . . 12 . . . . . 40 . 80 . 50 . . . 11 8 . . . . 40 63 . . . 138 46 . 73 . Terrain Rammed . | . . . . . . . . . . . . . . . . . . . . . . . . . . . . . . . . Walls Destroyed . | . . . . . . . . . . . . . . . . . . . . . . . . . . . . . . . . Machines Disabled . | . . . . . . . . . . . . . . . . . . . . . . . . . . . . . . . . Actions | -11 -10 -10 -9 -9 -9 -8 -8 -8 -8 -8 -7 -7 -7 -7 -6 -6 -5 -5 -5 -4 -4 -4 -4 -3 -3 -3 -3 -2 -2 -1 -1 --------- Run | Yrd Mat Min Mat Min Exi Min Mat Gar Mat Gar Fac Gar Fac Gar Fac DSF Fac Upp Upp Fac Upp Upp War Pro Res Tes Gar Res Qua Acc Com Total 24377 | 68 501 225 1063 430 346 93 161 1547 109 970 79 1637 962 810 26 219 1896 485 405 599 537 1031 550 907 259 971 1781 1055 1913 983 1759 Wait 3872 | . 104 39 155 25 7 4 . 341 9 233 . 111 122 397 1 30 292 33 122 110 10 268 40 325 29 87 127 25 233 321 272 Move 17143 | 55 321 177 778 377 339 84 121 956 80 624 68 1256 728 314 21 135 1232 428 233 382 495 648 409 520 164 697 1317 857 1496 574 1257 Hop . | . . . . . . . . . . . . . . . . . . . . . . . . . . . . . . . . Pick Up 305 | 2 9 . 16 3 . 1 11 7 4 . 3 28 23 7 1 7 32 . 2 10 2 11 17 3 10 20 26 13 16 5 16 Fast Attach 233 | 6 4 . 7 . . . 5 1 2 5 1 23 3 5 . 1 23 3 1 . 4 10 4 . 7 12 30 32 20 5 19 Attach 145 | . . . 3 2 . . 1 7 . 2 1 16 2 1 1 5 20 . 4 4 . . 8 1 3 9 19 6 5 5 20 Detach 37 | . . . . . . . 1 . . 1 . . 1 . . . 8 . 1 . . 1 3 . . 3 6 2 1 2 7 Swap 455 | 1 2 2 3 . . 4 3 11 5 7 . 14 26 25 1 9 77 8 8 42 3 31 13 23 12 21 24 18 30 12 20 Drop 427 | . 7 . 15 2 . . 17 9 6 1 2 33 22 10 . 3 42 3 3 1 6 16 23 3 19 39 42 45 29 4 25 Fire 441 | 4 28 2 . . . . . 15 . 30 . 73 25 24 . 27 6 7 12 4 . 32 24 14 . . 81 12 . 13 8 Melee 1052 | . 26 5 86 21 . . 2 75 3 41 4 63 9 23 1 2 164 3 19 39 17 14 1 15 15 83 73 18 83 42 105 Ram . | . . . . . . . . . . . . . . . . . . . . . . . . . . . . . . . . Kick . | . . . . . . . . . . . . . . . . . . . . . . . . . . . . . . . . Crush 2 | . . . . . . . . . . . . . 1 . . . . . . 1 . . . . . . . . . . . Escape Stasis 56 | . . . . . . . . 8 . 26 . 20 . 2 . . . . . . . . . . . . . . . . . Rewire 142 | . . . . . . . . 117 . . . . . 2 . . . . . . . . . 3 . . 19 . . . 1 Trap . | . . . . . . . . . . . . . . . . . . . . . . . . . . . . . . . . Miscellaneous 67 | . . . . . . . . . . . . . . . . . . . . 6 . . 8 . . . 17 27 . . 9 Route ------- -11/Scrapyard -10/Materials (discovered 2 exits: *Mat / [*Min]) -10/Mines (discovered 2 exits: *Mat / [*Sub]) -9/Materials (discovered 4 exits: *Mat x2 / *Min / *Sto) -9/Mines (discovered 4 exits: *Mat x2 / *Exi / [*Zio]) -9/Exiles -8/Mines -8/Materials -8/Garrison (discovered 4 exits: *Fac x3 / *Mat) -8/Materials -8/Garrison (discovered 3 exits: *Fac x3) -7/Factory -7/Garrison (discovered 3 exits: *Fac x3) -7/Factory (discovered 3 exits: *Fac x2 / Gar) -7/Garrison -6/Factory -6/DSF -5/Factory (discovered 4 exits: *Fac x3 / *Upp) -5/Upper Caves -5/Upper Caves -4/Factory (discovered 4 exits: *Res / *Upp x2 / Arm) -4/Upper Caves -4/Upper Caves (discovered 2 exits: *Res / *War) -4/Warlord -3/Proximity Caves -3/Research (discovered 2 exits: Res / *Tes) -3/Testing (discovered 2 exits: *Res / Gar) -3/Garrison (discovered 3 exits: *Res x3) -2/Research (discovered 2 exits: *Qua x2) -2/Quarantine -1/Access -1/Command (discovered 1 exit: [Sur]) History --------- Turn | Location | Event 2 | -11/Scrapyard | Met Revision 17 70 | -11/Scrapyard | Discovered new exit (range 15) 110 | -11/Scrapyard | Entered Materials 306 | -10/Materials | Build established: Mutant 559 | -10/Materials | Discovered new exit (range 15) 610 | -10/Materials | Derelicts attacked the area 770 | -10/Materials | Discovered new exit (range 14) 841 | -10/Materials | Repaired Lgt. Treads 906 | -10/Materials | Entered Mines 914 | -10/Mines | Assembled infested the area 969 | -10/Mines | Discovered new exit (range 11) 1103 | -10/Mines | Found a hidden stash of uninstalled traps 1222 | -10/Mines | Discovered new exit (range 5) 1251 | -10/Mines | Entered Materials 1251 | -9/Materials | Evolved 2 slots: Propulsion x1, Weapon x1 1989 | -9/Materials | Discovered new exit (range 8) 2138 | -9/Materials | Discovered new exit (range 15) 2479 | -9/Materials | Discovered new exit (range 5) 2618 | -9/Materials | Identified exit to Mines 2618 | -9/Materials | Identified exit to Storage 2823 | -9/Materials | Entered Mines 2824 | -9/Mines | A Derelict revealed a hidden shortcut to a safe place 2887 | -9/Mines | Discovered new exit (range 15) 2929 | -9/Mines | Learned Materials garrison access intel 2976 | -9/Mines | Learned Materials security intel 3111 | -9/Mines | Assisted by bots powering up and referring to "LRC-V3" 3180 | -9/Mines | Joined a pair of Derelicts in attacking an 0b10 outpost 3329 | -9/Mines | Learned Materials non-interactive machine intel 3329 | -9/Mines | Discovered new exit (range 8) 3353 | -9/Mines | Deemed a non-threat by the Exiles lab entrance 3353 | -9/Mines | Discovered new exit (range 5) 3368 | -9/Mines | Entered Exiles 3368 | -9/Exiles | Found Exiles lab abandoned 3368 | -9/Exiles | Accompanied by 3 allies 3763 | -9/Exiles | Discovered new exit (range 11) 3782 | -9/Exiles | Entered Mines 3782 | -8/Mines | Accompanied by 3 allies 3878 | -8/Mines | Discovered new exit (range 6) 3888 | -8/Mines | System corruption reached 10% 3894 | -8/Mines | Entered Materials 3894 | -8/Materials | Accompanied by 3 allies 3894 | -8/Materials | Evolved 2 slots: Propulsion x1, Utility x1 3896 | -8/Materials | Loaded intel: 31 non-interactive machine locations 3897 | -8/Materials | Loaded intel: 1 garrison access location 4164 | -8/Materials | Identified exit to Garrison 4164 | -8/Materials | Entered Garrison 4164 | -8/Garrison | Accompanied by 2 allies 4194 | -8/Garrison | Triggered checkpoint 4279 | -8/Garrison | Garrison Relay disabled 4546 | -8/Garrison | Found Hvy. Insulated Plating 4622 | -8/Garrison | Triggered checkpoint 4749 | -8/Garrison | Triggered checkpoint 5077 | -8/Garrison | Discovered new exit (range 7) 5078 | -8/Garrison | Triggered checkpoint 5241 | -8/Garrison | Build established: Gladiator 5503 | -8/Garrison | Garrison Relay disabled 5542 | -8/Garrison | Triggered checkpoint 5568 | -8/Garrison | Triggered checkpoint 5586 | -8/Garrison | Lost 3 allies 5638 | -8/Garrison | Triggered checkpoint 5672 | -8/Garrison | Triggered checkpoint 5712 | -8/Garrison | Triggered checkpoint 5752 | -8/Garrison | Garrison Relay disabled 5798 | -8/Garrison | Discovered new exit (range 15) 5976 | -8/Garrison | Garrison Relay disabled 5984 | -8/Garrison | Triggered checkpoint 6009 | -8/Garrison | Discovered new exit (range 3) 6029 | -8/Garrison | Learned Factory security intel 6046 | -8/Garrison | Triggered checkpoint 6064 | -8/Garrison | Discovered new exit (range 3) 6144 | -8/Garrison | Entered Materials 6144 | -8/Materials | Accompanied by 5 allies 6358 | -8/Materials | Identified exit to Garrison 6365 | -8/Materials | Entered Garrison 6365 | -8/Garrison | Accompanied by 3 allies 6417 | -8/Garrison | Triggered checkpoint 6422 | -8/Garrison | Garrison Relay disabled 6536 | -8/Garrison | Triggered checkpoint 6564 | -8/Garrison | Triggered checkpoint 6574 | -8/Garrison | Triggered checkpoint 6616 | -8/Garrison | Lost 3 allies 6644 | -8/Garrison | Triggered checkpoint 6733 | -8/Garrison | Garrison Relay disabled 6769 | -8/Garrison | Discovered new exit (range 13) 6904 | -8/Garrison | Discovered new exit (range 13) 6945 | -8/Garrison | Triggered checkpoint 6952 | -8/Garrison | Core integrity fell below 50% 6971 | -8/Garrison | Build established: Scavenger-Gladiator 7013 | -8/Garrison | Garrison Relay disabled 7263 | -8/Garrison | Garrison Relay disabled 7312 | -8/Garrison | Discovered new exit (range 12) 7580 | -8/Garrison | Entered Factory 7580 | -7/Factory | Evolved 2 slots: Utility x2 7673 | -7/Factory | Identified exit to Garrison 7673 | -7/Factory | Entered Garrison 7703 | -7/Garrison | Triggered checkpoint 7742 | -7/Garrison | Garrison Relay disabled 7926 | -7/Garrison | Triggered checkpoint 8023 | -7/Garrison | Triggered checkpoint 8044 | -7/Garrison | Garrison Relay disabled 8207 | -7/Garrison | Triggered checkpoint 8344 | -7/Garrison | Discovered new exit (range 15) 8717 | -7/Garrison | Triggered checkpoint 8769 | -7/Garrison | Lost 4 parts (2n1u1w) 8828 | -7/Garrison | Discovered new exit (range 14) 8839 | -7/Garrison | Triggered checkpoint 8910 | -7/Garrison | Core integrity fell below 50% 8930 | -7/Garrison | Lost 10 parts (1p3n2u4w) 8999 | -7/Garrison | Garrison Relay disabled 9206 | -7/Garrison | Lost 4 parts (1p2n1w) 9213 | -7/Garrison | Build established: Scavenger-Mutant 9620 | -7/Garrison | Build established: Scavenger-Gunner 9920 | -7/Garrison | Build established: Scavenger-Tank 10025 | -7/Garrison | Discovered new exit (range 15) 10083 | -7/Garrison | Triggered checkpoint 10527 | -7/Garrison | Garrison Relay disabled 10599 | -7/Garrison | Entered Factory 10999 | -7/Factory | First assault squad dispatched 11253 | -7/Factory | Build established: Skirmisher 11285 | -7/Factory | Discovered new exit (range 13) 11317 | -7/Factory | Identified exit to Factory 11470 | -7/Factory | Fabricated HERF Cannon (x2) 12095 | -7/Factory | Discovered exit to Factory (range 13) 12101 | -7/Factory | Identified exit to Garrison 12101 | -7/Factory | Entered Garrison 12397 | -7/Garrison | Build established: Scavenger-Tank 12435 | -7/Garrison | Triggered checkpoint 12568 | -7/Garrison | Garrison Relay disabled 12942 | -7/Garrison | Core integrity fell below 20% 12965 | -7/Garrison | Triggered checkpoint 12999 | -7/Garrison | Heavy support dispatched to Factory 13013 | -7/Garrison | Discovered exit to Factory (range 10) 13047 | -7/Garrison | Build established: Hauler-Tank 13083 | -7/Garrison | Triggered checkpoint 13135 | -7/Garrison | Garrison Relay disabled 13352 | -7/Garrison | Entered Factory 13352 | -6/Factory | Evolved 2 slots: Propulsion x2 13393 | -6/Factory | Identified exit to DSF 13393 | -6/Factory | Entered DSF 13430 | -6/DSF | Additional patrols routed to DSF 13628 | -6/DSF | Sterilization system engaged 13648 | -6/DSF | Ambient heat levels rising (+10) 13663 | -6/DSF | Ambient heat levels rising (+10) 13678 | -6/DSF | Ambient heat levels rising (+10) 13693 | -6/DSF | Ambient heat levels rising (+10) 13708 | -6/DSF | Ambient heat levels rising (+10) 13722 | -6/DSF | Discovered new exit (range 16) 13723 | -6/DSF | Ambient heat levels rising (+10) 13738 | -6/DSF | Ambient heat levels rising (+10) 13746 | -6/DSF | Identified exit to Factory 13753 | -6/DSF | Ambient heat levels rising (+10) 13758 | -6/DSF | Entered Factory 13758 | -5/Factory | Evolved 2 slots: Power x1, Weapon x1 13871 | -5/Factory | Discovered new exit (range 15) 13892 | -5/Factory | Identified exit to Factory 14056 | -5/Factory | Build established: Hauler-Assassin 14584 | -5/Factory | Build established: Hauler-Mutant 15230 | -5/Factory | Discovered exit to Factory (range 6) 15836 | -5/Factory | Garrison activated, responded to threat 15925 | -5/Factory | Lost 4 parts (1p2n1u) 16051 | -5/Factory | Discovered exit to Factory (range 18) 16252 | -5/Factory | Discovered new exit (range 12) 16283 | -5/Factory | Identified exit to Upper Caves 16415 | -5/Factory | Fabricated Cargo Storage Unit? 16579 | -5/Factory | System corruption reached 10% 16829 | -5/Factory | Entered Upper Caves 16831 | -5/Upper Caves | Core integrity fell below 50% 16836 | -5/Upper Caves | Met a Warlord Commander 16837 | -5/Upper Caves | Learned location of Warlord (-4) 16838 | -5/Upper Caves | Warlord Commander delivered Encrypted Comm Array 16845 | -5/Upper Caves | Found Encrypted Comm Array 16904 | -5/Upper Caves | Learned Factory terminal intel 17039 | -5/Upper Caves | Identified exit to Upper Caves 17611 | -5/Upper Caves | Entered another Upper Caves area 17667 | -5/Upper Caves | Attracted the attention of an 0b10 outpost 18129 | -5/Upper Caves | Discovered exit to Factory (range 32) 18171 | -5/Upper Caves | Learned Factory security intel 18216 | -5/Upper Caves | Entered Factory 18216 | -4/Factory | Evolved 2 slots: Propulsion x2 18218 | -4/Factory | Loaded intel: 26 terminal locations 18713 | -4/Factory | Identified exit to Upper Caves 18713 | -4/Factory | Identified exit to Armory 18956 | -4/Factory | Discovered new exit (range 10) 19156 | -4/Factory | Entered Upper Caves 19238 | -4/Upper Caves | Entered an active Warlord outpost 19293 | -4/Upper Caves | Learned Extension trap positions 19293 | -4/Upper Caves | Learned 8 Research zone layouts 19838 | -4/Upper Caves | Build established: Hauler-Assassin 19889 | -4/Upper Caves | Discovered new exit (range 7) 19897 | -4/Upper Caves | Attracted the attention of an 0b10 checkpoint 19897 | -4/Upper Caves | Identified exit to Upper Caves 20029 | -4/Upper Caves | Entered another Upper Caves area 20315 | -4/Upper Caves | System corruption reached 10% 20323 | -4/Upper Caves | System corruption reached 30% 20569 | -4/Upper Caves | Discovered new exit (range 8) 20586 | -4/Upper Caves | Identified exit to Research 20766 | -4/Upper Caves | Build established: Scavenger-Assassin 21647 | -4/Upper Caves | Learned Research stockpile data 21872 | -4/Upper Caves | Build established: Scavenger-Mutant 21972 | -4/Upper Caves | Discovered new exit (range 13) 22003 | -4/Upper Caves | Identified exit to Warlord 22004 | -4/Upper Caves | Entered Warlord 22054 | -4/Warlord | System corruption cleaned by Quarantine Array 22062 | -4/Warlord | System corruption cleaned by Quarantine Array 22083 | -4/Warlord | System corruption cleaned by Quarantine Array 22105 | -4/Warlord | Discovered new exit (range 42) 22249 | -4/Warlord | Met Warlord 22259 | -4/Warlord | Warlord's base attacked by MAIN.C 22421 | -4/Warlord | Met EX-DEC 22430 | -4/Warlord | Found Prototype Energy Cannon 22435 | -4/Warlord | Found Prototype Energy Gun 22438 | -4/Warlord | Found Prototype Energy Gun 22439 | -4/Warlord | Identified Vortex Rifle (x2) 22444 | -4/Warlord | Found Prototype Energy Gun 22444 | -4/Warlord | Identified Vortex Rail 22447 | -4/Warlord | Found Vortex Rail 22500 | -4/Warlord | Found Prototype Reactor 22500 | -4/Warlord | Identified Vortex Chain Reactor 22513 | -4/Warlord | Found Prototype Processor 22518 | -4/Warlord | Found Prototype Hackware 22525 | -4/Warlord | Identified Exp. Target Analyzer 22609 | -4/Warlord | Warlord forces counterattacked 22632 | -4/Warlord | Destroyed 7 combat bots 22661 | -4/Warlord | Spotted Executioner 22665 | -4/Warlord | Destroyed Executioner 22679 | -4/Warlord | Spotted Striker 22682 | -4/Warlord | Spotted Striker 22688 | -4/Warlord | Destroyed Striker 22693 | -4/Warlord | Destroyed Striker 22705 | -4/Warlord | Found Corrupted Prototype Processor 22711 | -4/Warlord | Identified BFG-9k Vortex Edition 22716 | -4/Warlord | Destroyed 15 combat bots 22718 | -4/Warlord | Lost 4 allies 22753 | -4/Warlord | Identified exit to Proximity Caves 22754 | -4/Warlord | Entered Proximity Caves 22769 | -3/Proximity Caves | Identified Exp. Core Analyzer 22832 | -3/Proximity Caves | Build established: Hauler-Gladiator 22852 | -3/Proximity Caves | Identified Ghost Barrier 23732 | -3/Proximity Caves | Attracted the attention of an 0b10 checkpoint 23900 | -3/Proximity Caves | Discovered exit to Research (range 7) 23973 | -3/Proximity Caves | Entered Research 23973 | -3/Research | Evolved 2 slots: Utility x2 23974 | -3/Research | Identified exit to Testing 23974 | -3/Research | Identified exit to Research 24187 | -3/Research | Found Gamma Bomb Array 24352 | -3/Research | Entered Testing 24375 | -3/Testing | Build established: Scavenger-Mutant 24420 | -3/Testing | Found Prototype Launcher 24420 | -3/Testing | Identified Adv. Micro-nuke Launcher 24866 | -3/Testing | Found Prototype Protection 24866 | -3/Testing | Identified Centrium Heavy Armor Plating 25120 | -3/Testing | Discovered exit to Research (range 11) 25367 | -3/Testing | Lost 4 parts (3u1w) 25583 | -3/Testing | Identified exit to Garrison 25583 | -3/Testing | Entered Garrison 25583 | -3/Garrison | Accompanied by 3 allies 25659 | -3/Garrison | Triggered checkpoint 25697 | -3/Garrison | Garrison Relay disabled 25702 | -3/Garrison | Lost 3 allies 25748 | -3/Garrison | Discovered exit to Research (range 44) 25748 | -3/Garrison | Discovered exit to Research (range 63) 25748 | -3/Garrison | Discovered exit to Research (range 70) 25870 | -3/Garrison | Build established: Hacker-Mutant 25979 | -3/Garrison | Destroyed 11 combat bots 26029 | -3/Garrison | Triggered checkpoint 26029 | -3/Garrison | Spotted B-86 Titan 26074 | -3/Garrison | Destroyed B-86 Titan 26090 | -3/Garrison | Found Hvy. Reflective Plating 26215 | -3/Garrison | Triggered checkpoint 26242 | -3/Garrison | Build established: Hauler-Mutant 26349 | -3/Garrison | System corruption reached 10% 26596 | -3/Garrison | Spotted B-86 Titan 26602 | -3/Garrison | Triggered checkpoint 26673 | -3/Garrison | Destroyed 7 combat bots 26684 | -3/Garrison | Destroyed B-86 Titan 26708 | -3/Garrison | Found Hvy. Reflective Plating 26979 | -3/Garrison | Garrison Relay disabled 26983 | -3/Garrison | Triggered checkpoint 27177 | -3/Garrison | Garrison Relay disabled 27226 | -3/Garrison | Phase Generator disabled 27257 | -3/Garrison | Rescued a captive Derelict 27257 | -3/Garrison | Rescued a captive Derelict 27403 | -3/Garrison | Triggered checkpoint 27626 | -3/Garrison | Triggered checkpoint 27703 | -3/Garrison | Garrison Relay disabled 28056 | -3/Garrison | Rewired Executioner 28073 | -3/Garrison | Rewired Executioner 28079 | -3/Garrison | Destroyed Executioner 28093 | -3/Garrison | Destroyed Executioner 28099 | -3/Garrison | System corruption reached 30% 28461 | -3/Garrison | Found Adv. Force Booster 28464 | -3/Garrison | Found Adv. Force Booster 28573 | -3/Garrison | Entered Research 28573 | -2/Research | Warlord forces began assault on 0b10 28573 | -2/Research | Evolved 2 slots: Weapon x2 28598 | -2/Research | Distinguished unit "Shockpunchers" dispatched to help 28598 | -2/Research | Distinguished unit "The Professionals" dispatched to help 28649 | -2/Research | Build established: Scavenger-Gladiator 28683 | -2/Research | Research machine network offline 28738 | -2/Research | Lost 4 allies 28855 | -2/Research | Spotted Striker 28865 | -2/Research | Destroyed 2J-634(L) 28865 | -2/Research | Destroyed Striker 28881 | -2/Research | Borebot progress halted 28911 | -2/Research | Lost 8 allies 29132 | -2/Research | Met up with Warlord 29150 | -2/Research | Discovered new exit (range 12) 29165 | -2/Research | Identified exit to Quarantine 29252 | -2/Research | Found Prototype Processor 29252 | -2/Research | Identified Exp. Signal Interpreter 29305 | -2/Research | Build established: Hauler-Gladiator 29389 | -2/Research | Borebot progress halted 29507 | -2/Research | Lost 3 allies 29514 | -2/Research | Discovered exit to Quarantine (range 22) 29631 | -2/Research | Found Prototype Launcher 29631 | -2/Research | Identified Hellfire Missile Launcher 30037 | -2/Research | Spotted Striker 30068 | -2/Research | Destroyed Striker 30078 | -2/Research | Given Cave Seal Controls access code 30130 | -2/Research | Entered Quarantine 30137 | -2/Quarantine | Cryocooling Duct disabled 30152 | -2/Quarantine | Ambient heat levels rising (+20) 30152 | -2/Quarantine | Non-combat units ordered to evacuate 30532 | -2/Quarantine | Found Alien Artifact 30607 | -2/Quarantine | Cryocooling Duct disabled 30622 | -2/Quarantine | Ambient heat levels rising (+20) 30622 | -2/Quarantine | Combat units ordered to evacuate 30625 | -2/Quarantine | Discovered new exit (range 13) 30684 | -2/Quarantine | Spotted Alpha 7 30718 | -2/Quarantine | Destroyed Alpha 7 30722 | -2/Quarantine | Quarantine Guard activated 30819 | -2/Quarantine | Spotted Quarantine Guard 30856 | -2/Quarantine | Destroyed Quarantine Guard 30918 | -2/Quarantine | Identified exit to Access 30936 | -2/Quarantine | Found Imp. Powered Armor 30965 | -2/Quarantine | Found Imp. Powered Armor 31088 | -2/Quarantine | Spotted Quarantine Guard 31143 | -2/Quarantine | Destroyed Quarantine Guard 31158 | -2/Quarantine | Spotted Quarantine Guard 31183 | -2/Quarantine | Destroyed Quarantine Guard 31235 | -2/Quarantine | Spotted Quarantine Guard 31274 | -2/Quarantine | Destroyed Quarantine Guard 31296 | -2/Quarantine | Spotted Quarantine Guard 31336 | -2/Quarantine | Destroyed Quarantine Guard 31359 | -2/Quarantine | Spotted Quarantine Guard 31392 | -2/Quarantine | Destroyed Quarantine Guard 31431 | -2/Quarantine | Spotted Quarantine Guard 31448 | -2/Quarantine | Destroyed Quarantine Guard 31524 | -2/Quarantine | Found Prototype Launcher 31524 | -2/Quarantine | Identified Ragnarok Missile Launcher 31682 | -2/Quarantine | Spotted Quarantine Guard 31686 | -2/Quarantine | Destroyed Quarantine Guard 32092 | -2/Quarantine | Spotted Quarantine Guard 32114 | -2/Quarantine | Destroyed Quarantine Guard 32447 | -2/Quarantine | Found Imp. Powered Armor 32515 | -2/Quarantine | Found Alien Artifact 32576 | -2/Quarantine | Found Alien Reactor 32576 | -2/Quarantine | Identified Matter Drive 32675 | -2/Quarantine | Found Alien Artifact 32689 | -2/Quarantine | Found Alien Artifact 33057 | -2/Quarantine | Entered Access 33057 | -1/Access | Evolved 2 slots: Power x1, Utility x1 33594 | -1/Access | Destroyed 7 combat bots 34147 | -1/Access | Discovered new exit (range 3) 34149 | -1/Access | Identified exit to Command 34167 | -1/Access | Spotted B-99 Colossus 34467 | -1/Access | Entered Command 34996 | -1/Command | Phase Generator disabled 35559 | -1/Command | Disengaged cave seal 35559 | -1/Command | Derelicts emerged from the dark tunnel 35559 | -1/Command | Welcomed Warlord to Command 35642 | -1/Command | Discovered new exit (range 15) 35705 | -1/Command | P-80 Master assimilated allied JL-HSB(K) 35705 | -1/Command | Spotted JL-HSB(K) 35711 | -1/Command | Spotted B-99 Colossus 35819 | -1/Command | Lost 19 allies 35997 | -1/Command | Lost 6 parts (2p4u) 36089 | -1/Command | Disengaged cave seal 36089 | -1/Command | Derelicts emerged from the dark tunnel 36372 | -1/Command | Spotted M Guard 36372 | -1/Command | Spotted M Guard 36372 | -1/Command | Spotted Combat Programmer 36375 | -1/Command | Warlord commented on Warlord statues 36375 | -1/Command | Spotted Combat Programmer 36390 | -1/Command | System corruption reached 10% 36400 | -1/Command | All MAIN.C guards destroyed 36429 | -1/Command | Lost 6 allies 36717 | -1/Command | First assault squad dispatched 36901 | -1/Command | Lost 5 allies 36924 | -1/Command | Met MAIN.C 36934 | -1/Command | Warlord destroyed during the assault 36953 | -1/Command | 0b10 Conduit disabled 37013 | -1/Command | System corruption reached 30% 37020 | -1/Command | Destroyed MAIN.C Shell 37023 | -1/Command | MAIN.C activated Command garrisons 37031 | -1/Command | Core integrity fell below 50% 37050 | -1/Command | Core integrity fell below 20% 37061 | -1/Command | Lost 24 parts (3p8n7u6w) 37080 | -1/Command | Spotted B-99 Colossus 37082 | -1/Command | Destroyed by B-99 Colossus with Linear Accelerator Last Messages --------------- 37044_ K-01 Serf collects debris. 37046_ Knocked back. 37047_ C-45 Heavy ARC bursts open, deploying its payload. 37047_ G-73 Enforcer unfolds itself. 37049_ K-01 Serf collects debris. 37049_ Knocked back. 37053_ Acquired 2 matter. 37066_ Acquired 86 matter. 37067_ System corrupted: Component data lost. 37070_ Acquired Flexi-carbon Leg. 37074_ Acquired Corrupted Enh. Biometal Leg. 37074_ Integrated Corrupted Enh. Biometal Leg (+7). 37077_ Acquired Flexi-carbon Leg. 37078_ Acquired 50 matter. 37079_ Penetrated by Slug. 37079_ Slug penetrates Wall. 37082_ Flexi-carbon Leg destroyed. 37082_ Knocked back. Map ----- +----------------------------------------------------+ | ##?# # ###???### ?"? ? ??## | | ?### # #?###?#?? """? ????? | | ?#?# # ####???## """?? ???? ? | | #### # ######?##? ?""????? ## | | #??###"+"###!!=[""#"""!###??##?# ??? ? ??/? ? | | ##?### [*%[% [ #?#??##?#?? ? ????? # # | | #??#?# ####=[[[!"###"*##??##??? ?? ? ? ? ?#? ?# | | ##??## ##?#!%!= ## " ##?#??##?????????????? ? # | | #?#### ######## ####" ##??????# ??? ??? ? #? # | | #?#### ######?######" "####?##?#####+#?????# # | | ###### ###????##?## #####? ? ???? ?# | | ?##?## ############ ###?#?? ?? ? ?? # | | #?#?## "" ! ; ! ###### *[ ???? # | | ###### "" * ;*[= # # #%*%[ ????? # | | ##?#?# " """" #!=*!""""##!%! ##???????#?##### | | ##?### #? ""Y "%!;!*=!= * %=% ##???????? ### | | ###### #? ![!%!!*!!!!=== "#???????? ### | | ?##?## ##*=!= *[!%%*!%! %=%* ##?????????? ### | | ###### #"%=%[% !!*%!%=[%%!!=[[ #????????? ?#?# | | ?##?## ""%!==% *#!%*%!![!]#"+"##??????????? ""# | | ###### %"!""####""##!%=[[=== # ?????????? ?""# | | ? ?##% =##########=+++*;### ##? ??????????"?# | | ##% ###########^ % ^%#??##??? ??#???? ?T# | | ### #####?##### %^%###?????? ??????? ??# | | # #### %########?# % % %#???#?? ? # ?? ? ??? | | ###?####### ! % @#???? "? "" ?#?? ? ?"# | | !!##?##?##?# [%! ;##????"?R??? #?? ? ### | | !=!==#?######## %] ###??#? ""?" ?? ??### | | !![|####?###?# ^ % ?###????#?##?##??######? | | # ####!%###?######;^ ###?####?#### ? ?######? | | ###*=#?#######; #??########? ?######## | | ???#!%#########;; #?######?#### #????### | | ###[!####?###BB ?#? ? ? # ?###?###? | | #?####|=########BB #?# # ######## | | ###?#"* "####### #?? / | | #####%[="####### """""" ??# # #?#####?#?# | | ?### " ="####### " " ??# # ##?######## | | #?## "% "!= ### " "" " #?# # ## = # | | #### " !=! #?#? " "< " ##########/##! ? # | | ##?# =%!!= ### " ? " ###### * +% # | | ?#####=%# ### """""" ###### # + | | #?####![# ###? ?##### #? # | | ###??# *+ = ### ? ###??# % ####+##?"# | | ###??# # ### ?###### %/ ? | | #??### # #####??#########?#### #########" | | ###### # = #########################/######## ## | | #??### #########################""## #######"!% | | ###?## [=%= *=%[= | | ####?# [==####"#### ########" | | ?###?#+###############+##"+######"?##"###?## ## # | +----------------------------------------------------+ Best States ------------- Heat Dissipation 114 Coolant Potential 120 Energy Generation 63 Energy Capacity 900 Matter Stores 572 Matter Capacity 700 Sight Range 22 Robot Scan Range 16 Terrain Scan Range 24 Terrain Scan Density 210 Jamming Range 14 Corruption Block 20 Armor Coverage 1200 Resistance: KI 25 Resistance: TH 25 Resistance: EM 30 Core Shielding 20 Power Shielding 66 Point Defense Rating 720 Weapon Cycling 20 Evasion (%) 55 Targeting Accuracy 8 Melee Accuracy 8 Core Analysis 8 Recoil Reduction 8 Force Boost 40 Offensive Hacking 14 Defensive Hacking 20 Item Schematics ----------------- Cargo Storage Unit | -10/Materials | Hacked Huge Storage Unit | -9/Materials | Hacked Imp. KE Penetrator | -2/Quarantine | Archive Exp. Signal Interpreter | -2/Quarantine | Archive Helical Railgun | -2/Quarantine | Archive Hvy. Neutron Cannon | -2/Quarantine | Archive Robot Schematics ------------------ T-07 Excavator | -2/Quarantine | Archive Fabricated ------------ HERF Cannon | x2 | -7/Factory | Preloaded Cargo Storage Unit | x1 | -5/Factory Repaired ---------- Lgt. Treads | 19% | -10/Materials Studied --------- Carbon-fiber Leg | -7/Factory | Hacked Aluminum Leg | -7/Factory | Hacked Alien Tech Used ----------------- Matter Drive Achievements -------------- The Slayer Has Control Challenges ------------ None Game ------ Seed HypervelocityTechTreads Manual? 0 Play Time 05:11:01 Cumulative 495.5 hours Start 2026.07.25 @ 20:49:23 End 2026.07.26 @ 03:01:26 Sessions 3 Manual Loads 0 Difficulty Rogue Special Mode None Game No. 441 Rogue 441 Adventurer 0 Explorer 0 Win Type - Total 13 Types 7/0/3/1/0/0/0/1/0/1 Lore% 63 Gallery% 70 Achievement% 67 Wizard Run 0 Options --------- Layout 1 ASCII 0 Keyboard 0 Movement Mouse Keybinds 0 Fullscreen 2 Font 24/Cog Map View 50x35 Zoom Use 7% Tactical HUD 1 Map Filters NONE Filters NONE Steam X RUN: 420419fa-784b-4ba2-a9d4-316b495bb872